Cogmind - Beta 16.1 @@@ ROGUE MODE // 2026.02.19 @ 00:28:25 Player: AngelSpirit Result: Destroyed by Architect with Modified Sigix Sheargun Performance ------------- Evolutions (9) 4500 Regions Visited (40) 8000 Robots Destroyed (704) 3520 Value Destroyed (35435) 35435 Prototype IDs (409) 8180 Alien Tech Used (4) 800 Bonus (48743) 48743 TOTAL SCORE: 109178 Bonus ------- High Alert Combat Kills 7958 Follower Combat Kills 3631 Entered Garrisons 400 Network Hubs Disabled 400 Aligned with FarCom 300 Met Data Miner 300 Met Imprinter 300 Destroyed Z-Imprinter 1000 Triggered Deep Caves Wall 500 Exposed GOLEM Chamber 500 Acquired ECA 300 Met Warlord at Base 500 MAIN.C Attacked Warlord 500 Warlord Defense Kills 258 Built Enhanced Grunts 300 A7 Reached Mainframe 300 Met R17 at Cetus 500 Found Hidden Lab 3000 Met R17 at Research 2000 Met Warlord at Research 2000 Invited to Help at Command 2000 Destroyed MAIN.C Guards 500 Met MAIN.C 5000 Destroyed MAIN.C Shell 5000 Destroyed MAIN.C 10000 Met Warlord at Command 2000 Met Architect 300 Destroyed A8 300 Destroyed A6 400 Friendly Fire -1704 Cogmind --------- Core Integrity 0/1600 Matter 231/300 Energy 176/350 System Corruption 6% Temperature Cool (0) Movement Walking (90) Location -1/Access_0 Parts ------- > --- POWER (2) -------- Quantum Reactor > --- PROPULSION (8) --- Experimental Biometal Leg Experimental Biometal Leg Experimental Biometal Leg > --- UTILITY (12) ----- Gravity Neutralizer Assembled Combat Suite Experimental Targeting Computer Advanced Target Analyzer Advanced Weapon Cycler > --- WEAPON (3) ------- Hypervelocity Linear Accelerator Hypervelocity Linear Accelerator Hypervelocity Linear Accelerator > --- INVENTORY (5) ---- Desublimator Experimental Coolant Injector Surveybot 24 Scanner Peak State ------------ > --- POWER ------------ Vortex Chain Reactor > --- PROPULSION ------- Combat Antigrav System Cooled Linear Gravjet Cooled Linear Gravjet Cooled Linear Gravjet Combat Linear Gravjet Combat Linear Gravjet Combat Linear Gravjet Combat Linear Gravjet > --- UTILITY ---------- Experimental Coolant Injector Large Storage Unit Assembled Biocell Array Assembled Biocell Array Assembled Suspension Frame Spectral Analyzer Assembled Combat Suite Advanced Particle Charger Quantum Capacitor Assembled Alloy Armor Assembled Alloy Armor > --- WEAPON ----------- Potential Cannon Multirail > --- INVENTORY -------- Improved Quantum Reactor Zero-point Reactor Combat Linear Gravjet Experimental Energy Well Surveybot 24 Scanner Advanced Kinecellerator Experimental Weapon Shielding Centrium Medium Armor Plating Medium Regenerative Plating AEGIS Remote Shield Advanced Corruption Screen Transdimensional Reconstructor Compact HERF Cannon Multirail [Rating: 232] Favorites ----------- Power Enhanced Fission Core Engine Light Ion Engine Power Core Enhanced Fission Core Reactor Assembled Flux Generator Propulsion Assembled Alloy Leg Treads Spiked Medium Treads Leg Assembled Alloy Leg Wheel Wheel Hover Unit Combat Linear Gravjet Flight Unit Cooled VTOL Module Utility High-capacity Storage Unit Device GOLEM Unit Storage High-capacity Storage Unit Processor Core Analyzer Hackware Hacking Suite Protection Assembled Alloy Armor Weapon Assembled Focal Cannon Energy Gun Cooled Plasma Rifle Energy Cannon Assembled Focal Cannon Ballistic Gun Minigun Ballistic Cannon Compact Mass Driver Launcher Tiamat Missile Launcher Special Weapon Remote Datajack Impact Weapon Gravity Flail Slashing Weapon Molecular Scythe Piercing Weapon Plasma Lance Special Melee Weapon Advanced Datajack Build | -11 -10 -10 -9 -9 -9 -8 -8 -8 -8 -7 -7 -7 -7 -7 -7 -6 -6 -6 -6 -6 -6 -5 -5 -5 -5 -5 -4 -4 -4 -4 -4 -4 -4 -3 -3 -3 -2 -1 -1 -1 ------- Run | Yrd Mat Min Mat Min Exi Min Mat Gar Mat Fac Was Fac Low Low Dat Pro Fac Low Low Zio Dee Pro Fac Upp Upp War Pro Fac Ext Cet Arc Hub Gar Res Arm Lab Res Acc Com Ac0 Slots Evolved 18 | . . . 2 . . . 2 . . 2 . . . . . . 2 . . . . . 2 . . . . 2 . . . . . 2 . . 2 2 . . Power 1 | . . . . . . . . . . . . . . . . . 1 . . . . . . . . . . . . . . . . . . . . . . . Propulsion 6 | . . . . . . . 1 . . . . . . . . . 1 . . . . . 1 . . . . . . . . . . 1 . . 1 1 . . Utility 10 | . . . 1 . . . 1 . . 2 . . . . . . . . . . . . 1 . . . . 2 . . . . . 1 . . 1 1 . . Weapon 1 | . . . 1 . . . . . . . . . . . . . . . . . . . . . . . . . . . . . . . . . . . . . Parts Attached 535 | 8 13 5 28 . 3 4 16 14 12 36 6 4 . 8 . 4 48 7 2 4 51 2 13 6 . 11 1 14 7 2 5 8 33 45 14 4 26 10 37 24 Power 58 | 1 2 . 4 . . . 1 4 2 2 . . . . . 1 6 . 1 . 6 . . . . 1 . 1 . . . . 3 5 6 . 3 2 3 4 Engine 14 | 1 2 . 3 . . . 1 4 . 1 . . . . . 1 . . 1 . . . . . . . . . . . . . . . . . . . . . Core 10 | . . . 1 . . . . . 2 1 . . . . . . 4 . . . . . . . . . . 1 . . . . 1 . . . . . . . Reactor 34 | . . . . . . . . . . . . . . . . . 2 . . . 6 . . . . 1 . . . . . . 2 5 6 . 3 2 3 4 Propulsion 116 | 2 3 2 7 . . 1 7 2 4 8 . 1 . 1 . 2 13 . . . 13 . 1 . . 4 . 1 2 . . 3 9 7 3 . 4 3 6 7 Treads 2 | . . . . . . . . . . . . . . . . 1 1 . . . . . . . . . . . . . . . . . . . . . . . Leg 33 | . . . . . . . . . 1 . . . . 1 . . 8 . . . 6 . . . . 3 . . 2 . . 3 4 . . . . . . 5 Wheel 32 | 2 3 1 6 . . 1 6 2 3 4 . 1 . . . 1 2 . . . . . . . . . . . . . . . . . . . . . . . Hover 44 | . . 1 . . . . 1 . . 2 . . . . . . 2 . . . 7 . . . . 1 . 1 . . . . 5 6 3 . 4 3 6 2 Flight 5 | . . . 1 . . . . . . 2 . . . . . . . . . . . . 1 . . . . . . . . . . 1 . . . . . . Utility 253 | 2 5 2 6 . 3 1 6 5 2 15 5 3 . 6 . 1 21 6 . 2 25 2 9 6 . 3 1 11 5 2 4 4 14 24 4 1 13 4 22 8 Device 129 | 1 1 . . . 2 . 3 3 1 4 3 2 . 4 . 1 9 5 . 1 14 1 6 2 . 2 1 4 2 . 2 2 12 14 1 . 6 3 13 4 Storage 17 | 1 2 . 1 . 1 . . . . 1 . . . . . . 1 . . . 2 . . . . . . 1 . . . . . 6 . . 1 . . . Processor 27 | . . . . . . . . . . 3 . 1 . 1 . . . . . . . 1 . 1 . 1 . 4 . . . . . 2 . . 4 . 7 2 Hackware 18 | . . . 1 . . . . 1 . 2 . . . . . . 4 . . 1 . . 1 . . . . 2 . . 1 2 . . 2 . . 1 . . Protection 62 | . 2 2 4 . . 1 3 1 1 5 2 . . 1 . . 7 1 . . 9 . 2 3 . . . . 3 2 1 . 2 2 1 1 2 . 2 2 Artifact . | . . . . . . . . . . . . . . . . . . . . . . . . . . . . . . . . . . . . . . . . . Weapon 108 | 3 3 1 11 . . 2 2 3 4 11 1 . . 1 . . 8 1 1 2 7 . 3 . . 3 . 1 . . 1 1 7 9 1 3 6 1 6 5 Energy Gun 30 | . 2 1 2 . . . 1 2 1 4 . . . . . . 1 1 . . 5 . . . . 1 . . . . . . . 3 1 1 1 . 3 . Energy Cannon 27 | . . . 1 . . . . . . 1 . . . 1 . . 3 . . . 1 . 2 . . 2 . 1 . . . . 7 3 . 2 1 . 2 . Ballistic Gun 27 | 3 . . 8 . . 1 1 1 3 3 . . . . . . 2 . . . . . . . . . . . . . . . . . . . 2 . 1 2 Ballistic Cannon 8 | . . . . . . . . . . . . . . . . . 2 . 1 . . . . . . . . . . . . 1 . 1 . . . . . 3 Launcher 8 | . 1 . . . . 1 . . . 1 . . . . . . . . . 2 1 . . . . . . . . . . . . . . . 1 1 . . Special Weapon 1 | . . . . . . . . . . . . . . . . . . . . . . . 1 . . . . . . . . . . . . . . . . . Impact Weapon 4 | . . . . . . . . . . 2 1 . . . . . . . . . . . . . . . . . . . . . . 1 . . . . . . Slashing Weapon 1 | . . . . . . . . . . . . . . . . . . . . . . . . . . . . . . . . . . 1 . . . . . . Piercing Weapon 1 | . . . . . . . . . . . . . . . . . . . . . . . . . . . . . . . . . . . . . 1 . . . Special Melee Weapon 1 | . . . . . . . . . . . . . . . . . . . . . . . . . . . . . . . 1 . . . . . . . . . Unidentified Prototypes 111 | . . . 4 . 1 . 1 . 1 13 1 . . . . . 13 . . 1 17 . 2 1 . 8 . 3 . 1 . 1 . 12 1 5 15 4 4 2 Corrupted Parts 3 | . . . . . . . . . . . . . . . . . 1 . . . . . . . . . . . . . . . 1 . . . . . . 1 System Corruption 21 | . . . . . . . . . . . . . . . . . 11 . . . . . . . . . . . . . . . 4 . . . . . . 6 Parts Lost 115 | . 3 5 3 . . . 4 9 7 4 . . . 1 . 5 2 . . . 15 2 2 . . . 2 2 1 . . 5 3 2 . . 1 . 2 35 Power 14 | . 1 1 . . . . . 2 1 . . . . . . . . . . . 1 . . . . . . . . . . . 1 1 . . . . 2 4 Propulsion 31 | . 1 1 1 . . . 1 2 3 1 . . . 1 . 1 . . . . 5 . . . . . . . . . . 2 . . . . . . . 12 Utility 51 | . 1 1 1 . . . 1 2 1 3 . . . . . 4 1 . . . 9 2 1 . . . 2 2 1 . . 2 2 1 . . . . . 14 Weapon 19 | . . 2 1 . . . 2 3 2 . . . . . . . 1 . . . . . 1 . . . . . . . . 1 . . . . 1 . . 5 Highest Loss Streak 24 | . 3 4 1 . . . 2 3 3 2 . . . 1 . 2 2 . . . 7 2 1 . . . 1 1 1 . . 5 2 1 . . 1 . 1 24 To Critical Strikes 8 | . . . . . . . . . . . . . . . . . . . . . . . . . . . . . . . . . . . . . . . . 8 Average Backups 16 | 1 8 11 14 14 13 14 18 17 18 18 19 18 18 18 19 18 18 19 19 18 14 17 18 19 19 18 18 18 18 19 18 18 18 15 14 13 12 12 12 8 Power 1 | . . 1 . 1 1 1 2 1 . 1 1 1 1 1 1 1 1 2 2 2 1 2 2 3 3 2 2 2 2 2 1 2 1 . 1 1 . . 1 1 Propulsion 2 | . 1 1 3 3 3 2 2 4 4 4 5 5 5 4 5 5 3 3 3 3 1 1 1 2 2 2 2 2 2 2 1 2 2 1 1 . . . . . Utility 8 | . 4 3 6 5 5 7 11 9 10 9 7 6 6 6 6 5 6 7 7 5 6 10 10 10 10 10 10 10 10 10 10 9 10 10 9 7 7 8 6 4 Weapon 3 | . 2 5 3 5 4 2 1 1 1 3 5 6 6 6 6 6 6 5 5 6 3 3 3 3 3 3 4 3 4 4 3 3 3 3 2 2 3 3 2 1 Tool/Special . | . . . . . . . . . . . . . . . . . . . . . . . . . . . . . . . . . . . . . . . . . Unused Backups 64 | . . . 3 2 1 1 2 . 1 16 . . . . . . 3 . 1 1 6 . 1 . . 4 . 1 . 2 . . 2 9 2 1 1 . 3 1 Power 6 | . . . . . . . . . . 3 . . . . . . . . . . 1 . 1 . . . . . . 1 . . . . . . . . . . Propulsion 17 | . . . . . . . 1 . 1 4 . . . . . . 1 . . . 1 . . . . 2 . . . 1 . . 2 4 . . . . . . Utility 30 | . . . . 2 . 1 . . . 8 . . . . . . . . 1 1 3 . . . . . . 1 . . . . . 5 2 1 1 . 3 1 Weapon 8 | . . . 3 . 1 . . . . . . . . . . . 2 . . . 1 . . . . 1 . . . . . . . . . . . . . . Tool/Special 3 | . . . . . . . 1 . . 1 . . . . . . . . . . . . . . . 1 . . . . . . . . . . . . . . Average Slot Usage (%) 87 | . 99 98 99 100 66 98 94 88 85 92 70 68 68 82 92 81 84 92 92 92 84 91 91 87 88 87 86 88 88 87 81 86 90 87 83 75 89 91 85 83 Engine 1 | . 13 13 8 . . . 4 8 5 5 . . . . . . . . . . . . . . . . . . . . . . . . . . . . . . Core 2 | . . . 2 11 11 11 4 . 3 1 7 7 7 7 7 7 9 6 6 6 1 . . . . . . . . . . . . . . . . . . . Reactor 3 | . . . . . . . . . . . . . . . . . . . . . 7 13 6 5 5 5 5 4 5 5 5 5 6 8 9 9 8 7 4 5 Leg 13 | . . . . . . . . . 1 . . . . 4 7 . 9 26 26 26 20 26 28 29 29 29 28 25 26 26 25 25 23 . . . . . . 1 Wheel 5 | . 28 28 21 22 22 22 26 23 17 18 15 14 15 9 7 7 6 . . . . . . . . . . . . . . . . . . . . . . . Hover 5 | . . . . . . . . . . . . . . . . . 1 . . . 4 . . . . . . . . . . . 2 23 23 23 28 31 31 24 Device 12 | . 7 10 3 8 11 1 4 13 13 2 6 1 . 11 15 8 5 10 20 19 17 11 21 11 17 16 17 19 11 8 8 16 22 24 14 14 16 15 15 21 Storage 8 | . 14 14 11 11 11 11 9 9 9 7 7 7 7 7 7 7 6 6 6 6 6 13 11 10 11 11 11 10 10 10 9 10 10 9 9 9 8 8 8 5 Processor 3 | . . . . . . . . . . 12 1 5 . 4 7 7 6 6 6 6 . 4 1 4 . . . 4 10 10 6 . . 3 . . . 4 5 6 Hackware 2 | . . . 7 11 11 11 5 4 9 13 . . . . . . 8 2 . . . . 1 . . . . 1 . . . 3 5 4 4 4 4 7 . . Protection 7 | . 6 3 10 2 . 9 11 7 2 6 7 7 15 12 15 11 5 12 6 6 5 1 . 4 5 5 4 5 8 10 8 10 7 . 8 9 7 4 10 9 Energy Gun 4 | . 1 24 1 . . . . 15 15 4 16 15 22 23 23 22 11 . . . 1 . . . . . . . . . . . . 1 . . . . . . Energy Cannon 7 | . . . . . . . . . . . 1 . . . . . 2 10 12 13 9 20 16 17 17 16 16 14 14 15 11 12 9 1 3 . 7 7 6 2 Ballistic Gun 3 | . 26 1 30 33 . 31 26 5 7 14 . . . . . . 3 2 . 5 3 . . . . . . . . . . . . . . . . . . 4 Peak Build Rating 232 | 7 10 11 24 24 23 26 35 43 44 78 81 83 77 77 68 68 103 93 97 93 126 121 140 147 141 157 159 176 164 162 172 168 160 174 174 174 199 219 232 229 Average Rating 114 | 5 8 9 19 23 15 24 31 37 36 50 77 77 74 69 68 64 79 89 92 91 96 111 130 135 141 150 152 166 159 158 150 160 146 154 168 155 194 217 213 195 On Entrance 99 | . 7 10 8 24 24 15 25 35 43 33 70 79 75 75 68 68 61 89 93 93 91 121 110 134 141 141 157 155 163 156 162 168 151 111 170 163 174 197 215 216 Avg Prop Armor Cover (%) 5 | . . . . . . 3 . . 11 . . . . 4 4 9 7 . . . . . . . . . . 4 . . . . 1 . . . . . 1 4 Naked Turns . | . . . . . . . . . . . . . . . . . . . . . . . . . . . . . . . . . . . . . . . . . Heaviest Build 146 | 13 36 37 46 43 48 63 74 75 62 92 121 114 119 121 83 83 109 95 86 90 120 112 130 131 130 137 137 144 146 143 142 145 128 95 83 86 99 102 121 119 Greatest Support 163 | 32 32 32 26 22 22 22 32 38 42 44 44 44 44 44 28 38 93 99 90 90 112 112 136 136 136 150 150 150 150 143 163 163 128 96 84 85 99 130 139 136 Greatest Overweight (x) 6 | . 3 1 3 1 2 6 2 2 5 2 2 2 2 4 2 2 3 . . . 4 . . 1 . . . 1 1 . 1 1 2 1 . 1 . 1 1 1 Average Overweight (x) . | . . . 1 1 1 2 2 1 1 1 1 2 2 2 2 2 1 . . . . . . . . . . . . . . . . . . . . . . . Largest Inventory Capacity 20 | 8 15 15 15 15 20 20 20 20 20 20 20 20 20 20 20 20 20 20 20 20 20 20 20 20 20 20 20 20 20 20 20 20 20 20 15 15 15 15 15 15 Average Capacity 18 | 7 14 15 15 15 15 20 20 20 20 20 20 20 20 20 20 20 20 20 20 20 16 20 20 20 20 20 20 20 20 20 19 20 20 17 15 15 15 15 14 10 Most Carried 20 | 4 12 13 15 15 15 19 20 20 20 20 20 20 20 20 20 20 20 20 20 20 20 20 20 20 20 20 20 20 20 20 20 20 20 20 15 15 15 15 15 14 Average Carried 17 | 1 8 11 14 14 14 15 19 18 19 19 19 19 19 19 20 19 19 19 20 19 15 19 19 19 20 19 19 19 19 19 19 19 19 16 14 14 14 14 13 7 Final Capacity 20 | 8 15 15 15 15 20 20 20 20 20 20 20 20 20 20 20 20 20 20 20 20 20 20 20 20 20 20 20 20 20 20 20 20 20 15 15 15 15 15 15 5 Final Carried 20 | 4 12 8 15 15 15 18 19 19 20 20 20 19 20 20 20 20 20 20 20 20 20 20 20 20 20 20 20 20 20 20 20 20 20 15 15 15 15 15 14 3 Class Distribution -------------------- 18% | Golem 13% | Tank 13% | Mutant 9% | Gunner 7% | Commander-Golem 6% | Scavenger-Mutant 6% | Skirmisher 3% | Scavenger-Gunner 3% | Hacker-Mutant Dominant Class ---------------- Mutant | -10/Materials Mutant | -10/Mines Tank | -9/Materials Gunner | -9/Mines Mutant | -9/Exiles Skirmisher | -8/Mines Skirmisher | -8/Materials Scavenger-Mutant | -8/Garrison Scavenger-Skirmisher | -8/Materials Hacker-Mutant | -7/Factory Skirmisher | -7/Waste Mutant | -7/Factory Tank | -7/Lower Caves Tank | -7/Lower Caves Tank | -7/Data Miner Tank | -6/Proximity Caves Skirmisher | -6/Factory Commander-Tank | -6/Lower Caves Gunner | -6/Lower Caves Gunner | -6/Zion Scavenger-Mutant | -6/Deep Caves Gunner | -5/Proximity Caves Golem | -5/Factory Golem | -5/Upper Caves Golem | -5/Upper Caves Golem | -5/Warlord Golem | -4/Proximity Caves Golem | -4/Factory Commander-Golem | -4/Extension Commander-Golem | -4/Cetus Commander-Golem | -4/Archives Golem | -4/Hub_04(d) Mutant | -4/Garrison Scout | -3/Research Mutant | -3/Armory Mutant | -3/Lab Scout | -2/Research Hacker-Mutant | -1/Access Mutant | -1/Command Scavenger-Gunner | -1/Access_0 Resources | -11 -10 -10 -9 -9 -9 -8 -8 -8 -8 -7 -7 -7 -7 -7 -7 -6 -6 -6 -6 -6 -6 -5 -5 -5 -5 -5 -4 -4 -4 -4 -4 -4 -4 -3 -3 -3 -2 -1 -1 -1 ----------- Run | Yrd Mat Min Mat Min Exi Min Mat Gar Mat Fac Was Fac Low Low Dat Pro Fac Low Low Zio Dee Pro Fac Upp Upp War Pro Fac Ext Cet Arc Hub Gar Res Arm Lab Res Acc Com Ac0 Matter Collected 17868 | 297 645 310 1686 180 85 268 1493 685 251 1292 347 171 107 513 . 281 1045 229 78 78 1131 30 280 134 75 150 71 443 343 90 100 341 858 795 587 . 585 390 1000 424 Remotely . | . . . . . . . . . . . . . . . . . . . . . . . . . . . . . . . . . . . . . . . . . Salvage Created 35944 | 79 601 132 1597 182 . 212 1600 1316 1011 1366 1462 345 58 767 . 767 1724 147 109 . 970 960 817 703 23 135 936 3077 2312 155 459 1828 2288 1032 1410 . 639 1881 1717 1127 Parts 1527 | 10 35 10 110 5 . 11 107 59 42 81 12 11 4 37 . 25 74 4 1 . 44 29 39 23 3 10 36 146 71 6 21 103 104 23 61 . 5 72 42 51 Haulers Intercepted 35 | . 2 . 3 . . . 4 . 2 4 . 1 . . . . 3 . . . . . 2 1 . . . 4 . . . . . 5 . . 1 3 . . Recyclers Shooed 14 | 1 6 . . . . . . . 1 1 . . . . . . 2 . . . . . . . . . . 1 1 . . . . . . . . 1 . . Parts Field Recycled . | . . . . . . . . . . . . . . . . . . . . . . . . . . . . . . . . . . . . . . . . . Retrieved Matter . | . . . . . . . . . . . . . . . . . . . . . . . . . . . . . . . . . . . . . . . . . Parts Self-Destructed 152 | . . . . . . . . . . . . . 3 25 . 19 . 6 4 . . 29 . 24 7 . 35 . . . . . . . . . . . . . Prevented 5 | . . . . . . . . . . . . . . . . 3 . 2 . . . . . . . . . . . . . . . . . . . . . . Parts Restored . | . . . . . . . . . . . . . . . . . . . . . . . . . . . . . . . . . . . . . . . . . Kills | -11 -10 -10 -9 -9 -9 -8 -8 -8 -8 -7 -7 -7 -7 -7 -7 -6 -6 -6 -6 -6 -6 -5 -5 -5 -5 -5 -4 -4 -4 -4 -4 -4 -4 -3 -3 -3 -2 -1 -1 -1 ------- Run | Yrd Mat Min Mat Min Exi Min Mat Gar Mat Fac Was Fac Low Low Dat Pro Fac Low Low Zio Dee Pro Fac Upp Upp War Pro Fac Ext Cet Arc Hub Gar Res Arm Lab Res Acc Com Ac0 Combat Hostiles Destroyed 580 | . 8 15 32 4 . 6 34 32 16 24 6 4 4 23 . 17 25 2 2 . 46 15 11 10 4 2 14 35 29 1 2 26 36 5 28 . 7 25 13 17 Melee 4 | . . . . . . . . . . . . . . . . . . . . . . . . . . . . . . . . . 1 1 . . . 2 . . Guns 147 | . 5 5 30 4 . 4 19 20 12 13 1 3 1 9 . 7 9 . . . 2 . . . . . . . . . . . . . . . . . . 3 Cannons 211 | . . . . . . . . . . . . . . . . . 8 2 2 . 5 14 10 9 . 2 14 30 24 1 2 23 26 . 15 . 4 7 5 8 AOE 174 | . 3 10 2 . . 2 15 11 4 11 4 . 3 12 . 8 5 . . . 35 . . 1 4 . . 5 4 . . 3 8 3 11 . . 9 1 . Classes Destroyed 30 | 1 7 1 1 . . . 5 1 . 1 1 . 1 2 . 1 2 . . . 3 . 1 . . . . 1 . . . . . 1 . . . . . . Worker 24 | . 1 1 2 . . . 2 . 2 3 . 1 . . . . . . . . . . . . . . . 1 . . . 4 . 2 . . . 2 3 . Builder 7 | . . . . . . . 1 . 1 1 . . . . . . . . . . . . 1 . . . . 1 . . . 1 . . . . . 1 . . Tunneler 9 | 4 1 . . . . . 1 . . . . . . . . . . . . . . . 1 . . . . 1 . . . . . . . . 1 . . . Hauler 35 | . 2 . 3 . . . 4 . 2 4 . 1 . . . . 3 . . . . . 2 1 . . . 4 . . . . . 5 . . 1 3 . . Recycler 24 | . 3 . 4 . . . 3 . 3 3 . 1 . . . . 1 . . . . . . . . . . 2 1 . . . . 2 . . . 1 . . Minesweeper 8 | . . . . . . . . . . . . . . 1 . 1 . 1 . . . . . 3 . . 2 . . . . . . . . . . . . . Mechanic 1 | . . . . . . . . . . . . . . . . . 1 . . . . . . . . . . . . . . . . . . . . . . . Operator 23 | . 1 . 3 . . . 1 . 1 . . . . . . . 2 . . . . . . . . . . 3 . . 8 3 . . 1 . . . . . Drone 4 | . . . . . . . . . . . . . . . . . . . . . . . 1 . . . 2 . . . . . . . . . . 1 . . Watcher 33 | . 3 . 5 . . . 2 . 1 . . . . . . . 3 . . . . . 1 . . . . 7 1 . . 1 1 1 1 . 1 5 . . Swarmer 126 | . 2 7 14 . . 3 11 11 3 7 . . 3 10 . 5 5 . . . . 1 . . 4 . 1 5 . . . . 11 3 9 . 1 10 . . Saboteur 2 | . . . . . . . . . . . . . . . . . . . . . . . . . . . . 1 . . . . . . 1 . . . . . Grunt 167 | . 6 . 12 4 . 3 12 16 11 3 . . . 4 . 5 8 1 . . . 8 2 10 . . 5 8 10 . . 10 13 1 3 . . 7 5 . Brawler 12 | . . . . . . . 1 1 . 1 . 1 . 1 . 3 1 . . . . 2 . . . . . . 1 . . . . . . . . . . . Duelist 4 | . . . . . . . 1 . . . . . . . . 1 . . . . . 1 . . . . . . 1 . . . . . . . . . . . Protector 6 | . . . . . . . . . . 1 . . . . . . 1 . . . . . . . . 1 . . 1 . . 2 . . . . . . . . Sentry 58 | . . . 6 . . . 3 2 2 3 . 1 . 1 . . 5 . . . . 1 3 . . . 1 5 11 . 2 3 2 . 3 . 2 2 . . Specialist 15 | . . . . . . . 4 . . 3 . . . . . . . . . . . . . . . 1 . . 1 . . . 3 . 3 . . . . . Hunter 31 | . . . . . . . 2 . . 2 . . . 1 . 1 1 . . . . 1 2 . . . 2 6 . . . 2 5 . 3 . . . 3 . Programmer 50 | . . . . . . . . 2 . 4 . 2 . . . 1 3 . . . . . 3 . . . 2 10 2 . . 4 1 . 4 . 4 5 3 . Heavy 3 | . . . . . . . . . . . . . . . . . 1 . . . . . . . . . . . . . . . . . 2 . . . . . Behemoth 8 | . . . . . . . . . . . . . . . . 1 . . 1 . . 1 . . . . 1 . 2 . . 1 1 . . . . . . . Compactor 6 | . . . . . . . . . . . 6 . . . . . . . . . . . . . . . . . . . . . . . . . . . . . Cetus Guard 1 | . . . . . . . . . . . . . . . . . . . . . . . . . . . . . . 1 . . . . . . . . . . M Guard 1 | . . . . . . . . . . . . . . . . . . . . . . . . . . . . . . . . . . . . . . . 1 . Enhanced Grunt 8 | . . . . . . . . . . . . . . . . . . . . . . . . . . . . . . . . . . . . . . . . 8 Enhanced Hunter 7 | . . . . . . . . . . . . . . . . . . . . . . . . . . . . . . . . . . . . . . . . 7 Lightning 4 | . . . . . . . . . . . . . . . . . . . . . . . . . . . . . . . . 4 . . . . . . . . Combat Programmer 1 | . . . . . . . . . . . . . . . . . . . . . . . . . . . . . . . . . . . . . . . 1 . Striker 1 | . . . . . . . . . . . . . . . . . . . . . . . . . . . . . . . . . . 1 . . . . . . Z-Light 8 | . . . . . . . . . . . . . . . . . . . . . 8 . . . . . . . . . . . . . . . . . . . Thief 1 | . . . . . . . . . . . . . 1 . . . . . . . . . . . . . . . . . . . . . . . . . . . Assembler 2 | . . . . . . . . . . . . . . . . . . . . . 2 . . . . . . . . . . . . . . . . . . . Assembled 43 | . . 8 . . . . . . . . . . . . . . . . . . 35 . . . . . . . . . . . . . . . . . . . Golem 2 | . . . . . . . . . . . . . . . . . . . . . 2 . . . . . . . . . . . . . . . . . . . Surgeon 1 | . . . . . . . . . . . . . . . . . . . . . . . . . . . . . . . . . . . . . . . 1 . Wasp 1 | . . . . . . . . . . . . 1 . . . . . . . . . . . . . . . . . . . . . . . . . . . . Thug 4 | . . . . . . . . . . . . . . 4 . . . . . . . . . . . . . . . . . . . . . . . . . . Savage 2 | . . . . . . . . . . . . . . 1 . . . . . . . . . . . . . . . . . 1 . . . . . . . . Mutant 3 | . . . . . . . . . . . . . . 1 . . . 1 1 . . . . . . . . . . . . . . . . . . . . . Best Kill Streak 37 | 4 5 8 11 2 . 3 12 7 9 8 2 1 3 6 . 8 4 1 1 . 37 4 4 3 4 1 4 6 6 1 4 11 4 3 9 . 2 8 7 6 Combat Bots Only 35 | . 3 8 9 2 . 3 9 7 6 8 2 1 3 6 . 8 4 1 1 . 35 4 3 3 4 1 4 5 6 1 2 5 4 3 9 . 2 6 7 8 Max Kills in Single Turn 32 | 1 1 2 2 1 . 1 4 4 2 4 2 1 3 4 . 4 3 1 1 . 32 1 2 2 2 1 1 3 3 1 1 1 4 3 4 . 1 5 1 1 Gunslinging 1 | . . . 1 . . . . . 1 . . . . . . 1 . . . . . . . . . . . . . . . . . . . . . . . . Exploded 32 | . 1 2 2 . . 1 3 4 2 4 2 . 3 4 . 4 3 . . . 32 . . 1 2 . . 3 3 . . 1 4 3 4 . . 5 1 . Melee 1 | . . . . . . . . . . . . . . . . . . . . . . . . . . . . . . . . . 1 1 . . . 1 . . Uniques/NPCs Destroyed 4 | . . . . . . . . . . . . . . . . . . . . . 1 . . . . . . . . 1 . . . . . . . . . 2 Z-Imprinter (-6/Deep Caves) A7 (-4/Cetus) A8 (-1/Access_0) A6 (-1/Access_0) Combat | -11 -10 -10 -9 -9 -9 -8 -8 -8 -8 -7 -7 -7 -7 -7 -7 -6 -6 -6 -6 -6 -6 -5 -5 -5 -5 -5 -4 -4 -4 -4 -4 -4 -4 -3 -3 -3 -2 -1 -1 -1 -------- Run | Yrd Mat Min Mat Min Exi Min Mat Gar Mat Fac Was Fac Low Low Dat Pro Fac Low Low Zio Dee Pro Fac Upp Upp War Pro Fac Ext Cet Arc Hub Gar Res Arm Lab Res Acc Com Ac0 Hostile Shots Fired 3241 | . 74 44 144 8 . 13 104 110 52 181 1 11 11 94 . 56 147 12 12 . 111 50 86 32 34 . 124 218 83 3 2 141 233 32 124 . 45 136 98 615 Missed 1282 | . 22 6 43 3 . 4 32 29 11 73 . 3 4 27 . 18 67 7 7 . 43 21 35 15 12 . 54 73 22 1 1 54 84 16 70 . 26 72 48 279 Deflected 1 | . . . . . . . . . . . . . . . . . . . . . . . . . . . . . . . . . 1 . . . . . . . Hits 1959 | . 52 38 101 5 . 9 72 81 41 108 1 8 7 67 . 38 80 5 5 . 68 29 51 17 22 . 70 145 61 2 1 87 149 16 54 . 19 64 50 336 Melee 40 | . . . . . . . . . . 4 1 . 2 1 . 1 . . . . . . . . . . . 1 . . . . 4 . . . . . . 26 Projectile 1919 | . 52 38 101 5 . 9 72 81 41 104 . 8 5 66 . 37 80 5 5 . 68 29 51 17 22 . 70 144 61 2 1 87 145 16 54 . 19 64 50 310 AOE 4 | . . 1 . . . . . . . . . . . . . . 1 . . . . . . . . . . . . . . . . . . . . . 2 . Critical Strikes 119 | . 2 . 3 . . . 1 2 2 2 . . . 6 . 1 2 . . . . 1 2 3 . . 2 9 6 . . 14 5 1 5 . 2 . 2 46 Actively Blocked 2 | . . . . . . . . . . . . . . . . 1 . . . . . . . . . . . . . . . . . . . . . . . 1 Part Disruptions 7 | . . . . . . . . . . 1 . . . . . 1 . . . . . . . . . . . . . . . 1 2 . 1 . . . . 1 Damage Taken 36314 | . 626 541 1051 77 . 166 1097 1146 585 1188 50 209 99 966 . 745 1422 73 145 . 2400 563 1088 332 293 . 1201 2151 1289 84 23 2025 2635 402 1097 . 409 1210 1354 7572 Core 4333 | . 159 74 209 16 . . 124 174 56 158 . . 28 34 . 65 165 11 . . 336 42 84 40 26 . 167 159 153 . . 132 194 97 97 . 46 95 89 1303 Absorbed by Shields 3282 | . . . . . . . 4 . . . . . . 232 . 65 . . . . . . . . . . . . 79 . . . . 9 151 . 31 288 157 2266 Redirected to Shielding 747 | . . . . . . . . . . . . . 7 20 . 75 . . . . 112 . . . . . . . . . . . . . 70 . 96 38 92 237 Ignored by Resistances 3889 | . . . . . . . 69 4 . 103 . 114 . . . . . . . . 248 . . . 63 . 252 453 236 16 5 410 217 . . . . . . 1699 Regen/Repaired (Parts) 1323 | . . . . . . . . . 42 . 142 90 . . . . 213 . . . . . . . . . . . . . . . . . . . 74 377 385 . Core Remaining (%) 58 | 100 . 6 . . . 43 . . 35 . . . . . . 59 . . . . . 34 . . . . 68 . . . . . 44 . . 100 96 . . . Volleys Fired 2142 | 5 82 23 95 7 . 14 93 134 57 85 27 11 5 39 . 26 92 9 10 3 56 27 68 25 3 5 44 146 57 8 17 85 108 8 97 . 80 157 226 108 Largest 3 | 2 2 2 3 3 . 3 3 3 3 3 3 3 2 3 . 3 3 3 3 1 3 3 3 3 3 3 3 3 3 3 3 3 3 2 1 . 1 1 1 3 Hottest 339 | 40 90 90 106 73 . 75 119 166 188 78 164 68 144 68 . 68 120 119 119 105 193 85 140 140 140 75 75 75 75 75 75 76 339 240 120 . 120 120 200 200 Shots Fired 4102 | 10 154 35 262 22 . 36 244 273 113 166 56 27 10 98 . 67 229 21 25 3 130 81 118 71 5 15 115 337 164 24 51 170 190 12 98 . 80 159 225 206 Gun 1925 | 10 145 23 261 22 . 32 228 266 107 159 45 27 9 89 . 63 183 . . . 51 . . . . . . . . . . . . 3 . . . . 72 130 Cannon 2047 | . . . . . . . . . . . 1 . . . . . 44 21 25 3 77 81 117 71 3 15 115 334 162 24 51 162 182 7 88 . 80 155 153 76 Launcher 129 | . 9 12 1 . . 4 16 7 6 7 10 . 1 9 . 4 2 . . . 2 . . . 2 . . 3 2 . . 8 8 2 10 . . 4 . . Special 1 | . . . . . . . . . . . . . . . . . . . . . . . 1 . . . . . . . . . . . . . . . . . Kinetic 1203 | 10 143 . 250 22 . 32 226 81 26 137 . . . . . . 34 5 7 . 39 . . . . . . . . . . 3 8 . . . . . 28 152 Thermal 2591 | . . . 9 . . . 2 185 74 22 46 27 9 89 . 63 193 16 18 3 89 81 117 71 3 15 115 334 162 24 51 159 171 8 85 . 66 136 116 32 Explosive 129 | . 9 12 1 . . 4 16 7 6 7 10 . 1 9 . 4 2 . . . 2 . . . 2 . . 3 2 . . 8 8 2 10 . . 4 . . Electromagnetic 154 | . 2 23 2 . . . . . 7 . . . . . . . . . . . . . . . . . . . . . . . . 2 . . 14 19 63 22 Entropic 24 | . . . . . . . . . . . . . . . . . . . . . . . . . . . . . . . . . 3 . 3 . . . 18 . Robot Hit Streak 40 | 4 7 5 24 7 . 10 13 29 12 10 17 5 4 14 . 27 19 5 6 . 6 8 11 13 7 11 19 25 12 15 18 16 27 3 9 . 9 15 40 27 Robot Miss Streak 8 | 1 6 3 7 1 . 2 6 3 2 5 1 5 2 3 . 4 6 2 1 . 4 3 5 2 1 1 8 3 4 3 1 4 3 3 5 . 5 3 6 7 Penetration Max 1 | . . . . . . . . 1 . 1 . . . . . . . . . . 1 . . . . . . . . . . . . . 1 . . . 1 . Secondary Targets 29 | . . . 6 1 . . 4 6 3 . . . . 2 . 2 3 . . . . . . . . . . . . . . . . . . . . . . 2 Max Gunslinging Chain 1 | . . . 1 1 . . 1 1 1 . . . . 1 . 1 1 . . . . . . . . . . . . . . . . . . . . . . 1 Capacitor 454 | . . . . . . . . . . . . . . . . . . . . . . . . . . . . . . . . . . 1 86 . 77 155 135 . Shots Hit Robots 2378 | 7 86 22 146 14 . 20 151 124 77 101 46 17 5 66 . 49 128 10 15 . 52 50 65 44 3 14 67 154 105 14 36 103 95 22 53 . 30 76 134 177 Core Hits 1412 | 5 36 28 63 7 . 12 81 71 42 62 16 7 4 37 . 32 67 9 5 . 112 26 20 24 4 5 23 73 52 7 13 63 63 12 55 . 16 49 71 140 Critical Kills 24 | . 1 . 1 . . . 1 1 . . . . . . . . 2 . . . 5 1 . . . . . . . . . . 3 1 . . . . . 8 Critical Parts Destroyed 27 | . 1 . 2 . . . . . . . . 1 . . . . . . . . 4 . . . . . . . . . . . . 3 . . . . 1 15 Critical Strikes 165 | . 2 . 3 . . . 1 5 5 . 4 2 . 3 . 3 6 1 1 . 11 1 . . . . . . . . . . 4 4 19 . 9 22 28 31 Burn 93 | . . . . . . . . 4 5 . 4 1 . 3 . 3 4 . . . . . . . . . . . . . . . . . 17 . 9 21 22 . Meltdown 10 | . . . . . . . . . . . . . . . . . 1 . . . 2 1 . . . . . . . . . . 3 . . . . . . 3 Destroy 45 | . 2 . 3 . . . 1 1 . . . . . . . . 1 . . . 8 . . . . . . . . . . . . . . . . . 1 28 Blast 2 | . . . . . . . . . . . . . . . . . . 1 1 . . . . . . . . . . . . . . . . . . . . . Corrupt 1 | . . . . . . . . . . . . . . . . . . . . . . . . . . . . . . . . . . . . . . 1 . . Smash 6 | . . . . . . . . . . . . 1 . . . . . . . . 1 . . . . . . . . . . . . 4 . . . . . . Sunder 8 | . . . . . . . . . . . . . . . . . . . . . . . . . . . . . . . . . 1 . 2 . . . 5 . Melee Attacks 149 | . . . . . . . . . . 18 . 8 . . . . . . . . 13 . . . . . . . . . 2 . 2 51 . 3 2 43 7 . Impact 95 | . . . . . . . . . . 18 . 8 . . . . . . . . 13 . . . . . . . . . . . 2 49 . 3 2 . . . Slashing 2 | . . . . . . . . . . . . . . . . . . . . . . . . . . . . . . . . . . 2 . . . . . . Piercing 50 | . . . . . . . . . . . . . . . . . . . . . . . . . . . . . . . . . . . . . . 43 7 . Sneak Attacks 23 | . . . . . . . . . . 4 . 3 . . . . . . . . . . . . . . . . . . 2 . . 6 . . 1 6 1 . Combat Hostiles 2 | . . . . . . . . . . . . . . . . . . . . . . . . . . . . . . . . . . . . . . 2 . . Follow-up Attacks 1 | . . . . . . . . . . . . . . . . . . . . . . . . . . . . . . . . . . 1 . . . . . . Damage Inflicted 106603 | 95 1558 1027 2728 244 . 504 4038 3288 1867 3078 3450 731 416 2728 . 2009 3656 398 595 . 3605 2234 3025 2076 490 592 3556 8581 5767 731 1569 5943 5024 2241 4456 . 1624 4994 6513 11172 Guns 23430 | 95 1049 187 2549 244 . 324 2429 2172 1403 1816 944 375 163 1402 . 1100 2272 . . . 139 . . . . . . . . . . . . . . . . . 1692 3075 Cannons 52090 | . . . . . . . . . . . . . . . . . 703 398 595 . 682 2234 2855 1956 45 592 3556 7582 5201 731 1569 4617 4216 84 1931 . 1206 2607 3958 4772 Explosions 26859 | . 498 840 179 . . 172 1609 1116 464 865 2506 . 253 1326 . 909 681 . . . 2218 . 161 120 445 . . 941 566 . . 1304 716 488 2525 . 321 1605 706 3325 Melee 4116 | . . . . . . . . . . 397 . 356 . . . . . . . . 566 . . . . . . . . . . . 92 1669 . . 97 782 157 . Ramming 108 | . 11 . . . . 8 . . . . . . . . . . . . . . . . 9 . . . . 58 . . . 22 . . . . . . . . Kinetic 14502 | 95 1020 . 2435 244 . 324 2429 521 271 1638 . . . . . . 228 158 192 . 173 . . . . . . . . . . 52 43 . . . . . 1175 3504 Thermal 60933 | . . . 109 . . . 75 1651 1092 178 944 375 163 1402 . 1100 2747 240 403 . 648 2234 2883 2076 45 592 3556 7815 5201 731 1569 4565 4063 84 1660 . 979 1830 2705 7218 Explosive 22186 | . 493 840 153 . . 172 1534 1116 464 865 2506 . 253 1326 . 909 681 . . . 2218 . 133 . 445 . . 708 566 . . 1257 716 488 2525 . 321 1497 . . Electromagnetic 2776 | . 34 187 31 . . . . . 40 . . . . . . . . . . . . . . . . . . . . . . 47 . . . . 227 885 875 450 Impact 3131 | . . . . . . . . . . 397 . 356 . . . . . . . . 566 . . . . . . . . . . . 92 1623 . . 97 . . . Slashing 46 | . . . . . . . . . . . . . . . . . . . . . . . . . . . . . . . . . . 46 . . . . . . Piercing 939 | . . . . . . . . . . . . . . . . . . . . . . . . . . . . . . . . . . . . . . 782 157 . Entropic 1982 | . . . . . . . . . . . . . . . . . . . . . . . . . . . . . . . . . 110 . 271 . . . 1601 . Highest Corruption 25 | . 3 3 5 5 5 5 . 4 . 7 12 8 1 1 1 3 11 4 . . . . 2 2 2 2 1 5 7 7 7 17 25 . 3 3 1 6 7 6 Average Corruption 4 | . 2 3 5 5 5 5 . 2 . 4 8 3 1 1 1 1 3 3 . . . . 1 2 2 2 1 2 5 7 5 12 18 . 2 3 1 5 1 6 Corruption Purged 49 | . . . . . . . . 4 . . 5 8 . . . . 12 4 . . . . . . . . . . . . 7 . . . . . . . 9 . Corruption Blocked 13 | . . . . . . . . . . . . . . . . . . . . . . . . . . . . . . . . . . . . . . . 13 . Effects 562 | . 17 8 9 15 10 15 . 2 . 46 16 27 7 12 1 21 28 2 . . . . 11 21 5 . 11 33 37 13 1 14 95 . 14 8 3 31 21 8 Message Errors 135 | . 4 3 2 3 4 3 . . . 9 4 5 1 2 . 5 7 1 . . . . . 5 . . 2 12 12 1 . 5 24 . 2 2 . 6 10 1 Matter Fused 126 | . 6 2 3 6 1 1 . 1 . 7 1 7 3 3 . 6 7 1 . . . . 4 5 1 . 1 10 12 1 . 2 18 . 4 1 . 8 3 1 Heat Flow Errors 58 | . . . 1 2 2 3 . 1 . 3 1 4 . 2 1 4 2 . . . . . 1 1 . . 2 1 6 3 1 1 6 . 2 . 1 3 3 1 Energy Discharges 60 | . 3 . 2 1 2 3 . . . 4 3 1 1 . . 2 1 . . . . . . 5 2 . 2 3 2 1 . . 9 . 1 2 1 4 4 1 Parts Rejected 6 | . 1 . . . . . . . . 2 . 1 . . . . . . . . . . . . . . . . . . . . 1 . . . . 1 . . Parts Fused 8 | . . . . . 1 . . . . 2 . 1 . . . . . . . . . . . . . . . . 1 . . . 2 . . 1 . . . . Data Loss (minor) 81 | . 2 . . 2 . 3 . . . 10 3 4 1 4 . 3 5 . . . . . 5 1 2 . 4 4 2 3 . 4 10 . 2 1 1 4 . 1 Data Loss (major) 21 | . 1 1 . . . . . . . 1 1 1 . . . . 1 . . . . . . 2 . . . 1 . 2 . 2 3 . 2 1 . 1 . 1 Misfires 26 | . . 1 . 1 . 2 . . . 2 1 1 1 1 . 1 2 . . . . . . 2 . . . . . 2 . . 3 . 1 . . 3 . 2 Alerts 16 | . . 1 . . . . . . . 2 1 1 . . . . 2 . . . . . . . . . . . 1 . . . 8 . . . . . . . Misdirections 1 | . . . . . . . . . . . . . . . . . . . . . . . . . . . . . . . . . 1 . . . . . . . Weapon Failures 24 | . . . 1 . . . . . . 4 1 1 . . . . 1 . . . . . 1 . . . . 2 1 . . . 10 . . . . 1 1 . Overload Shots 28 | . . . . . . . . . . 1 7 . 4 . . . 13 . . 3 . . . . . . . . . . . . . . . . . . . . Effects 2 | . . . . . . . . . . . . . . . . . 2 . . . . . . . . . . . . . . . . . . . . . . . Energy Bleed 1 | . . . . . . . . . . . . . . . . . 1 . . . . . . . . . . . . . . . . . . . . . . . Heat Surge 1 | . . . . . . . . . . . . . . . . . 1 . . . . . . . . . . . . . . . . . . . . . . . Overflow Damage 4746 | . 19 42 35 . . . 110 37 . 17 . 285 . 31 . 7 99 . 5 . 185 20 179 53 66 . 249 639 86 26 264 276 58 402 313 . 186 387 239 431 Projectiles 2531 | . . . . . . . . . . . . 93 . . . . . . 5 . 20 20 179 53 . . 249 596 85 26 264 203 . . 108 . 102 103 121 304 Explosions 1325 | . 19 42 35 . . . 110 37 . . . . . 31 . 7 99 . . . 38 . . . 66 . . 42 1 . . 73 58 30 205 . 17 240 48 127 Melee 890 | . . . . . . . . . . 17 . 192 . . . . . . . . 127 . . . . . . 1 . . . . . 372 . . 67 44 70 . Knockbacks 6 | . . . . . . . . . . . . . . . . . . . . . 1 . . . . . . 1 . . . 1 . . . . 1 . . 2 Impact 4 | . . . . . . . . . . . . . . . . . . . . . 1 . . . . . . 1 . . . 1 . . . . 1 . . . Kinetic 2 | . . . . . . . . . . . . . . . . . . . . . . . . . . . . . . . . . . . . . . . . 2 Secondary . | . . . . . . . . . . . . . . . . . . . . . . . . . . . . . . . . . . . . . . . . . Self-Inflicted Damage 980 | . 29 159 16 . . 36 144 18 . 9 . . . 82 . 51 88 . . . . . . . . . . 21 . . . 82 66 . 51 . . 128 . . Shots 27 | . 2 5 1 . . 1 4 1 . 1 . . . 3 . 2 1 . . . . . . . . . . 1 . . . 1 1 . 1 . . 2 . . Rammed 3 | . 2 . . . . 1 . . . . . . . . . . . . . . . . . . . . . . . . . . . . . . . . . . Targets Rammed 8 | . 2 . . . . 1 . . . . . . . . . . . . . . . . 1 . . . . 3 . . . 1 . . . . . . . . Kicked 5 | . . . . . . . . . . . . . . . . . . . . . . . 1 . . . . 3 . . . 1 . . . . . . . . Crushed . | . . . . . . . . . . . . . . . . . . . . . . . . . . . . . . . . . . . . . . . . . Highest Temperature 421 | . 30 216 291 277 183 418 421 207 222 268 315 270 252 349 138 235 270 164 76 195 281 269 210 57 1 . 176 90 262 176 185 281 366 148 308 . 63 253 293 237 Average Temperature 67 | . 10 121 79 90 86 147 33 52 97 40 98 88 101 127 90 70 64 70 38 101 61 80 29 17 1 . 76 26 46 76 90 116 107 28 78 . 27 36 55 84 Received Heat Transfer 6071 | . 375 100 309 45 . 54 366 468 342 132 . 12 . 371 . 111 162 18 12 . 486 171 135 213 27 . 180 300 218 . . 520 505 75 144 . 47 117 56 . Effects 22 | . . . 3 . . 3 1 . 1 . . 1 . 1 . . . . . . . 1 . . . . . . . . . . 11 . . . . . . . Shutdowns 2 | . . . . . . . 1 . . . . . . . . . . . . . . . . . . . . . . . . . 1 . . . . . . . Energy Bleed 5 | . . . . . . 1 . . . . . 1 . 1 . . . . . . . 1 . . . . . . . . . . 1 . . . . . . . Interference 13 | . . . 3 . . . . . 1 . . . . . . . . . . . . . . . . . . . . . . . 9 . . . . . . . Matter Decay 1 | . . . . . . 1 . . . . . . . . . . . . . . . . . . . . . . . . . . . . . . . . . . Short Circuit 1 | . . . . . . 1 . . . . . . . . . . . . . . . . . . . . . . . . . . . . . . . . . . Siege Activations . | . . . . . . . . . . . . . . . . . . . . . . . . . . . . . . . . . . . . . . . . . Martial Activations . | . . . . . . . . . . . . . . . . . . . . . . . . . . . . . . . . . . . . . . . . . Shielding Activations 2 | . . . . . . . . . . . . . . . . . . . . . . . . . . . . . . . . . 2 . . . . . . . Total Turns 15 | . . . . . . . . . . . . . . . . . . . . . . . . . . . . . . . . . 15 . . . . . . . Longest Duration 10 | . . . . . . . . . . . . . . . . . . . . . . . . . . . . . . . . . 10 . . . . . . . Robots Disrupted 1 | . 1 . . . . . . . . . . . . . . . . . . . . . . . . . . . . . . . . . . . . . . . Combat Hostiles . | . . . . . . . . . . . . . . . . . . . . . . . . . . . . . . . . . . . . . . . . . Robots Corrupted 19 | . . . . . . . . . . 1 . 1 . . . . . . . . 2 . . . . . . 1 . . . . . 3 . . 1 1 6 3 Combat Hostiles 11 | . . . . . . . . . . . . . . . . . . . . . 2 . . . . . . . . . . . . 1 . . . . 5 3 Parts Fried 47 | . . . . . . . . . . 2 . 3 . . . . . . . . . . . . . . . 4 4 . . 1 . 3 . . 2 6 21 1 Impact Corruptions 25 | . . . . . . . . . . 2 . 6 . . . . . . . . 3 . . . . . . 1 . . . . . 10 . . 3 . . . Robots Melted 40 | . . . . . . . . 2 . . 1 1 . 2 . 2 3 . . . 2 1 1 . . . . . 1 . . . 3 . 2 . 3 7 6 3 Combat Hostiles 39 | . . . . . . . . 1 . . 1 1 . 2 . 2 3 . . . 2 1 1 . . . . . 1 . . . 3 . 2 . 3 7 6 3 Parts Melted 223 | . . . . . . . 1 6 6 . 3 4 . 6 . 9 18 . 1 . 8 6 4 . . . 1 5 10 . . 2 14 . 20 . 31 37 28 3 Heat Transferred 70326 | . . . 235 . . . 100 3441 2479 348 2291 761 290 3177 . 2455 5539 361 572 . 790 1725 2100 825 25 311 1750 4225 2695 335 850 2397 3197 74 6440 . 3440 7280 6441 3377 Parts Sabotaged 7 | . . . . . . . . . . . . . . . . 2 . . . . . . . . . . . . . . . . 5 . . . . . . . Parts Stolen 1 | . . . . . . . . . . . . . 1 . . . . . . . . . . . . . . . . . . . . . . . . . . . Parts Stripped . | . . . . . . . . . . . . . . . . . . . . . . . . . . . . . . . . . . . . . . . . . Power Chain Reactions 5 | . 1 . 1 . . . . . . . . . . . . . . . . . . . 1 1 . . . . . . . . . . . . . . 1 . Alert | -11 -10 -10 -9 -9 -9 -8 -8 -8 -8 -7 -7 -7 -7 -7 -7 -6 -6 -6 -6 -6 -6 -5 -5 -5 -5 -5 -4 -4 -4 -4 -4 -4 -4 -3 -3 -3 -2 -1 -1 -1 ------- Run | Yrd Mat Min Mat Min Exi Min Mat Gar Mat Fac Was Fac Low Low Dat Pro Fac Low Low Zio Dee Pro Fac Upp Upp War Pro Fac Ext Cet Arc Hub Gar Res Arm Lab Res Acc Com Ac0 Maximum Alert Level 5 | . . . 2 1 . . 2 4 3 2 . 4 . . . . 2 . . . . . 2 . . . . 4 4 3 2 3 5 4 5 . 1 4 4 . Low Security (%) 24 | 100 100 100 32 82 . 100 46 . . 45 100 25 . . . . 7 . . . . . 25 . . . . . . . 59 8 . . . . 45 27 . . Level 1 16 | . . . 22 17 . . 26 3 . 44 . 18 . . . . 46 . . . . . 33 . . . . 1 . . 25 38 . . . . 54 9 . . Level 2 20 | . . . 45 . . . 27 15 2 10 . 17 . . . . 45 . . . . . 41 . . . . 46 53 . 15 41 10 . 2 . . 29 . . Level 3 19 | . . . . . . . . 42 97 . . 20 . . . . . . . . . . . . . . . 45 27 100 . 11 29 . 29 . . 31 40 . Level 4 15 | . . . . . . . . 38 . . . 18 . . . . . . . . . . . . . . . 6 19 . . . 8 100 48 . . 2 59 . Level 5 3 | . . . . . . . . . . . . . . . . . . . . . . . . . . . . . . . . . 51 . 19 . . . . . High Security . | . . . . . . . . . . . . . . . . . . . . . . . . . . . . . . . . . . . . . . . . . Max Security . | . . . . . . . . . . . . . . . . . . . . . . . . . . . . . . . . . . . . . . . . . Peak Influence 2521 | 10 182 151 537 239 . 91 512 1536 974 455 143 1242 . . . . 667 . . . . . 599 . . . . 1366 1538 984 469 965 2521 1444 1709 . 373 1262 1134 . Initial 1417 | . 3 26 50 189 . . . 295 748 435 143 . . . . . 151 . . . . . . . . . . 300 669 841 357 . 581 1417 697 . . 220 803 . Average 573 | 1 83 42 342 154 . 25 201 1022 799 228 60 551 . . . . 397 . . . . . 347 . . . . 788 844 924 178 443 1436 1342 1296 . 216 535 988 . Influence Increases 26960 | 20 406 400 948 100 . 175 1126 1331 542 800 45 1801 70 405 . 555 1168 67 32 . . 340 951 260 90 25 300 2210 1991 387 305 1703 2010 517 1689 . 848 1632 856 855 Destroy 0b10 Robot/C 11236 | . 160 180 640 80 . 120 680 640 320 416 . 680 60 340 . 340 480 40 20 . . 300 200 200 80 20 240 700 880 160 80 660 780 100 780 . 140 480 240 . Destroy 0b10 Robot/NC 979 | 20 55 5 85 . . 5 70 20 50 54 . 45 . 5 . 5 55 5 . . . . 30 20 . 5 20 95 20 10 40 55 25 50 10 . 15 65 40 . Destroy Leader 2008 | . 50 30 156 20 . 20 142 40 76 84 . 150 10 60 . 60 150 . 10 . . 40 56 10 10 . 40 172 72 . . 142 40 22 152 . 54 106 34 . Allied During Kill 1997 | . . 43 . . . . . . . . . 447 . . . . . 7 2 . . . . . . . . . 834 170 120 230 9 . 135 . . . . . Trap Triggered on 0b10 40 | . . . . . . . . . . . . . . . . . . . . . . . . . . . . . 10 . . . . . . . . 30 . . Successful Hack 658 | . 4 . 32 . . . 21 30 23 18 . 52 . . . . 17 . . . . . 61 . . . . 50 . . . 24 10 92 43 . 36 60 85 . Select Force Hacks 50 | . . . . . . . . . . . . . . . . . . . . . . . . . . . . . . . . 50 . . . . . . . . Disable Machine 1782 | . 75 90 15 . . . 105 90 15 87 . 120 . . . . 90 . . . . . 75 . . . . 315 60 15 45 150 30 15 195 . 45 75 45 30 Anti-Garrison Action 1900 | . . . . . . . . 400 . . . 200 . . . . 200 . . . . . 400 . . . . . . . . . 550 . . . 150 . . . Destroy Structure 4288 | . 32 52 20 . . 30 108 81 43 39 45 62 . . . . 86 . . . . . 114 . . . . 548 100 32 20 392 416 88 314 . 123 426 292 825 Advance Influence 300 | . . . . . . . . . . . . . . . . . . . . . . . . . . . . 300 . . . . . . . . . . . . Partial Spotted 240 | . . . . . . . . . 15 . . . . . . . . . . . . . 15 . . . . 30 . . . . . 15 30 . 105 30 . . Lose Combat Pursuer 1482 | . 30 . . . . . . 30 . 102 . 45 . . . 150 90 15 . . . . . 30 . . . . 15 . . . 150 135 30 . 180 360 120 . Influence Decreases 26455 | 15 343 339 591 527 59 174 672 250 1120 1347 456 569 959 668 80 314 764 712 32 . . 340 624 492 177 33 300 844 1853 997 1197 874 320 1708 1535 1484 479 745 921 1541 Entered New Map 10464 | . 2 42 79 297 59 . 1 160 788 523 268 . 457 66 80 . 90 240 . . . . . 122 19 8 . . 697 663 537 2 250 1104 633 1484 . 149 453 1191 Time Decay 11710 | 15 301 156 482 230 . 174 331 . 262 614 188 369 502 592 . 264 654 472 32 . . 320 454 370 158 25 280 674 556 214 580 472 . 434 302 . 469 446 318 . Lost Part 991 | . 30 41 30 . . . 40 90 70 40 . . . 10 . 50 20 . . . . 20 20 . . . 20 20 10 . . 50 30 20 . . 10 . 20 350 Lost Ally 1190 | . 10 100 . . . . . . . 20 . 200 . . . . . . . . . . . . . . . . 140 120 80 200 40 . 150 . . . 130 . Purge Threat 2100 | . . . . . . . 300 . . 150 . . . . . . . . . . . . 150 . . . . 150 450 . . 150 . 150 450 . . 150 . . Squads Dispatched 133 | . 1 . 5 . . . 6 . 4 11 . 8 . . . 1 13 . . . . . 6 . 1 . . 19 4 . . 11 . 11 10 . 2 14 6 . Investigation 28 | . 1 . 1 . . . . . 1 2 . 3 . . . . 1 . . . . . 2 . . . . 2 . . . 6 . 5 1 . . 1 2 . Extermination 31 | . . . . . . . . . . 5 . 2 . . . . 4 . . . . . 2 . . . . 5 . . . 2 . . 3 . . 5 3 . Reinforcement 42 | . . . 3 . . . 4 . 3 1 . . . . . . 7 . . . . . 2 . . . . 2 . . . 3 . 6 3 . 2 5 1 . Assault 18 | . . . 1 . . . 1 . . . . . . . . 1 . . . . . . . . 1 . . 7 4 . . . . . 3 . . . . . Garrison 14 | . . . . . . . 1 . . 3 . 3 . . . . 1 . . . . . . . . . . 3 . . . . . . . . . 3 . . Intercept . | . . . . . . . . . . . . . . . . . . . . . . . . . . . . . . . . . . . . . . . . . Searches Triggered . | . . . . . . . . . . . . . . . . . . . . . . . . . . . . . . . . . . . . . . . . . Data Miner Redirects 5 | . . . . . . . . . . . . . . . . . . . . . . . . . . . . 4 1 . . . . . . . . . . . Construction Impeded 5 | . . . . . . . 1 . 1 . . . . . . . . . . . . . . . . . . 1 . . . 1 . . . . . 1 . . Haulers Reinforced 7 | . . . . . . . . . . . . . . . . . . . . . . . . . . . . 1 . . . . . 3 . . 2 1 . . Active Scanning Responses . | . . . . . . . . . . . . . . . . . . . . . . . . . . . . . . . . . . . . . . . . . Cargo Convoy Interrupts 2 | . . . . . . . . . . 1 . . . . . . 1 . . . . . . . . . . . . . . . . . . . . . . . Stealth | -11 -10 -10 -9 -9 -9 -8 -8 -8 -8 -7 -7 -7 -7 -7 -7 -6 -6 -6 -6 -6 -6 -5 -5 -5 -5 -5 -4 -4 -4 -4 -4 -4 -4 -3 -3 -3 -2 -1 -1 -1 --------- Run | Yrd Mat Min Mat Min Exi Min Mat Gar Mat Fac Was Fac Low Low Dat Pro Fac Low Low Zio Dee Pro Fac Upp Upp War Pro Fac Ext Cet Arc Hub Gar Res Arm Lab Res Acc Com Ac0 Distress Signals 74 | . 1 . 1 . . . 5 . 2 4 . 3 . . . . 1 . . . . . 2 . . . . 7 . 2 . 2 . 3 5 . 8 4 24 . Communications Jammed 14 | . . . . . . . . . . . . . . . . . . . . . . . 14 . . . . . . . . . . . . . . . . . Distress Signals . | . . . . . . . . . . . . . . . . . . . . . . . . . . . . . . . . . . . . . . . . . Times Spotted 952 | . 20 24 41 4 . 6 41 33 20 41 6 13 4 25 . 29 40 3 2 . 55 14 15 11 11 34 15 69 45 9 12 40 38 25 54 . 25 59 36 33 Peak Tracking Total 37 | . 7 5 6 2 . 3 5 6 4 11 4 3 3 7 . 14 5 1 1 . 37 4 3 5 7 16 4 5 8 5 2 5 6 9 11 . 6 12 5 7 Tactical Retreats 72 | . 2 3 . . . . . 1 . 5 . 2 . 1 . 4 4 1 . . 8 . 1 1 . . . 9 1 . . . 6 4 2 . 6 8 3 . ECM-based Alert Blocks 26 | . . . . . . . . . . . . . . . . . . . . . . . 2 . . . . 24 . . . . . . . . . . . . Traps | -11 -10 -10 -9 -9 -9 -8 -8 -8 -8 -7 -7 -7 -7 -7 -7 -6 -6 -6 -6 -6 -6 -5 -5 -5 -5 -5 -4 -4 -4 -4 -4 -4 -4 -3 -3 -3 -2 -1 -1 -1 ------- Run | Yrd Mat Min Mat Min Exi Min Mat Gar Mat Fac Was Fac Low Low Dat Pro Fac Low Low Zio Dee Pro Fac Upp Upp War Pro Fac Ext Cet Arc Hub Gar Res Arm Lab Res Acc Com Ac0 Traps Triggered 31 | . 2 . 1 . . . . 7 1 6 . 1 . . . . 2 . . . . . . . . . . . . . . 2 3 . 3 . . 2 1 . Indirectly 2 | . . . . . . . . . . . . . . . . . . . . . . . . . . . . . . . . 2 . . . . . . . . Trap Hack Attempts . | . . . . . . . . . . . . . . . . . . . . . . . . . . . . . . . . . . . . . . . . . Triggered . | . . . . . . . . . . . . . . . . . . . . . . . . . . . . . . . . . . . . . . . . . Disarmed 1 | . . . . . . . . . . . . . . . . . . . . . . . . . . . . . . . . . . . . . . . 1 . Reprogrammed 10 | . . . . . . . . . . . . . . . . . . . . . . . . . . . . . . . . . . . . . . 10 . . Reused 10 | . . . . . . . . . . . . . . . . 3 . . . . 3 . . . . . . . 1 . . . . . . . . 3 . . Traps Extracted 3 | . . . . . . . . . . . . . . . . . . . . . 3 . . . . . . . . . . . . . . . . . . . Installed 17 | . . . . . . . . . . . . . . . . 9 . . . . 6 . . . . . . . 1 . . . . . . . . 1 . . Triggered 7 | . . . . . . . . . . . . . . . . 3 . . . . . . . . . . . . 1 . . . . . . . . 3 . . Most Traps Carried 7 | . . . . . . . . . . . . . . 3 3 4 2 4 4 4 4 . . . . . 7 5 5 4 4 4 4 4 4 4 4 4 3 . Machines | -11 -10 -10 -9 -9 -9 -8 -8 -8 -8 -7 -7 -7 -7 -7 -7 -6 -6 -6 -6 -6 -6 -5 -5 -5 -5 -5 -4 -4 -4 -4 -4 -4 -4 -3 -3 -3 -2 -1 -1 -1 ---------- Run | Yrd Mat Min Mat Min Exi Min Mat Gar Mat Fac Was Fac Low Low Dat Pro Fac Low Low Zio Dee Pro Fac Upp Upp War Pro Fac Ext Cet Arc Hub Gar Res Arm Lab Res Acc Com Ac0 Machines Disabled 143 | . 5 6 1 . . . 7 11 1 6 . 8 . . . . 6 2 1 1 2 . 5 . . . . 21 6 1 3 10 11 1 13 1 4 5 3 2 Max in Single Turn 7 | . 4 4 1 . . . 2 1 1 4 . 1 . . . . 2 1 1 1 1 . 3 . . . . 7 1 1 1 5 2 1 2 1 1 1 1 1 Garrison Access 11 | . . . . . . . . . . 1 . 1 . . . . 2 . . . . . 2 . . . . 1 . . . . . 1 . . 2 1 . . Garrison Relay 10 | . . . . . . . . 5 . . . . . . . . . . . . . . . . . . . . . . . . 5 . . . . . . . Phase Generator 1 | . . . . . . . . . . . . . . . . . . . . . . . . . . . . . . . . . 1 . . . . . . . Network Hub 2 | . . . . . . . . . . . . . . . . . . . . . . . . . . . . . . . . 2 . . . . . . . . Machines Repaired . | . . . . . . . . . . . . . . . . . . . . . . . . . . . . . . . . . . . . . . . . . Machines Dismantled . | . . . . . . . . . . . . . . . . . . . . . . . . . . . . . . . . . . . . . . . . . Machines Sabotaged 1 | . . . . . . . . . . . . . . . . . . . . . . . . . . . . . . . . 1 . . . . . . . . Overloaded Fab Kills . | . . . . . . . . . . . . . . . . . . . . . . . . . . . . . . . . . . . . . . . . . Hacking | -11 -10 -10 -9 -9 -9 -8 -8 -8 -8 -7 -7 -7 -7 -7 -7 -6 -6 -6 -6 -6 -6 -5 -5 -5 -5 -5 -4 -4 -4 -4 -4 -4 -4 -3 -3 -3 -2 -1 -1 -1 --------- Run | Yrd Mat Min Mat Min Exi Min Mat Gar Mat Fac Was Fac Low Low Dat Pro Fac Low Low Zio Dee Pro Fac Upp Upp War Pro Fac Ext Cet Arc Hub Gar Res Arm Lab Res Acc Com Ac0 Machines Accessed 163 | . 4 . 11 1 2 1 7 3 5 17 . 11 2 . 3 . 11 3 . . . . 9 1 . 1 . 14 3 . . 9 1 14 9 . 3 9 9 . Terminals 96 | . 3 . 8 . . 1 4 3 4 9 . 6 1 . . . 7 . . . . . 3 . . . . 8 3 . . 8 1 7 6 . . 6 8 . Fabricators 16 | . . . . . . . . . . 4 . 2 . . . . 1 . . . . . 2 . . . . 1 . . . . . 3 2 . 1 . . . Repair Stations 7 | . . . . . . . . . 1 . . 1 . . . . 1 . . . . . 1 . . . . 1 . . . . . . 1 . . 1 . . Recycling Units 6 | . 1 . 2 . . . . . . . . . . . . . . . . . . . 1 . . . . . . . . . . 1 . . . . 1 . Scanalyzers 11 | . . . 1 . . . 2 . . 3 . 1 . . . . . . . . . . . . . . . 2 . . . . . 1 . . . 1 . . Garrison Access 15 | . . . . . . . 1 . . 1 . 1 . . . . 2 . . . . . 2 . . . . 2 . . . 1 . 2 . . 2 1 . . Total Hacks 460 | . 6 . 31 1 2 2 18 6 14 41 . 30 2 . 23 . 23 6 . . . . 19 1 . 1 . 44 6 . . 20 2 58 29 . 11 33 31 . Successful 222 | . 3 . 17 1 2 1 13 3 7 21 . 15 2 . 23 . 11 6 . . . . 8 1 . 1 . 12 3 . . 10 1 19 10 . 7 17 8 . Failed 236 | . 3 . 14 . . 1 4 3 7 20 . 15 . . . . 12 . . . . . 11 . . . . 32 3 . . 10 1 38 19 . 4 16 23 . Catastrophic 46 | . 1 . 2 . . . 3 1 1 3 . 1 . . . . 1 . . . . . 2 . . . . 5 1 . . 1 . 4 8 . 2 3 7 . Database Lockouts 2 | . . . . . . . 1 . . . . . . . . . . . . . . . . . . . . . . . . . . 1 . . . . . . Manual 166 | . 2 . 19 . 1 2 7 1 10 11 . 8 . . . . 7 . . 1 . . 10 . . 1 . 10 5 1 . 13 . 16 16 . 4 7 14 . Terminals 275 | . 5 . 25 . . 2 10 6 13 22 . 15 1 . . . 14 . . . . . 5 . . . . 26 6 . . 18 2 30 22 . . 26 27 . Fabricators 54 | . . . . . . . . . . 11 . 5 . . . . 2 . . . . . 4 . . . . 5 . . . . . 13 6 . 8 . . . Repair Stations 14 | . . . . . . . . . 1 . . 2 . . . . 4 . . . . . 1 . . . . 4 . . . . . . 1 . . 1 . . Recycling Units 12 | . 1 . 3 . . . . . . . . . . . . . . . . . . . 2 . . . . . . . . . . 2 . . . . 4 . Scanalyzers 44 | . . . 3 . . . 7 . . 5 . 7 . . . . . . . . . . . . . . . 7 . . . . . 10 . . . 5 . . Garrison Access 26 | . . . . . . . 1 . . 3 . 1 . . . . 3 . . . . . 7 . . . . 2 . . . 2 . 3 . . 3 1 . . Terminal Hacks 113 | . 1 . 12 1 2 1 4 3 5 7 . 4 2 . 23 . 3 6 . . . . 1 1 . 1 . 6 1 . . 4 1 5 4 . . 11 4 . Record 13 | . . . . . 1 . . . . . . . 1 . 6 . . 5 . . . . . . . . . . . . . . . . . . . . . . Part Schematic 12 | . . . 2 . . . . . . 2 . . . . 8 . . . . . . . . . . . . . . . . . . . . . . . . . Robot Schematic 7 | . . . 1 . . . . . . . . . . . 6 . . . . . . . . . . . . . . . . . . . . . . . . . Robot Analysis 3 | . . . 3 . . . . . . . . . . . . . . . . . . . . . . . . . . . . . . . . . . . . . Prototype ID Bank 4 | . . . 1 . . . . . . . . . . . 3 . . . . . . . . . . . . . . . . . . . . . . . . . Open Door 6 | . . . . 1 . . . . . . . . 1 . . . . 1 . . . . . 1 . 1 . . . . . . . . . . . . 1 . Level Access Points 1 | . . . . . . . . . . . . . . . . . . . . . . . . . . . . 1 . . . . . . . . . . . . Branch Access Points 6 | . . . 1 . . . . . 1 . . 1 . . . . 1 . . . . . . . . . . . . . . . . 1 . . . 1 . . Emergency Access Points 2 | . . . . . . . . 1 . . . . . . . . . . . . . . . . . . . 1 . . . . . . . . . . . . Machine Index 1 | . . . . . . . . . . . . . . . . . . . . . . . . . . . . . . . . . . . . . . . 1 . Terminal Index 5 | . . . . . . . . . 1 1 . 1 . . . . . . . . . . . . . . . . . . . . . . . . . 1 1 . Scanalyzer Index 1 | . . . . . . . . . . . . . . . . . . . . . . . . . . . . 1 . . . . . . . . . . . . Garrison Index 1 | . . . . . . . 1 . . . . . . . . . . . . . . . . . . . . . . . . . . . . . . . . . Alert Level 8 | . . . 1 . . . . . . . . . . . . . . . . . . . . . . . . 2 . . . 1 . 2 1 . . 1 . . Unreport Threat 11 | . . . . . . . 2 . . 1 . . . . . . . . . . . . . . . . . 1 1 . . 1 . 1 3 . . 1 . . Locate Traps 6 | . 1 . . . . . 1 . 1 . . 1 . . . . 1 . . . . . 1 . . . . . . . . . . . . . . . . . Disarm Traps 1 | . . . . . . . . . . . . . . . . . . . . . . . . . . . . . . . . . . . . . . . 1 . Reprogram Traps 3 | . . . . . . . . . . . . . . . . . . . . . . . . . . . . . . . . . . . . . . 3 . . Recall Investigation 1 | . . . . . . . . . . . . . . . . . . . . . . . . . . . . . . . . 1 . . . . . . . . Recall Extermination 4 | . . . . . . . . . . 1 . . . . . . . . . . . . . . . . . . . . . . . . . . . 3 . . Recall Reinforcements 1 | . . . 1 . . . . . . . . . . . . . . . . . . . . . . . . . . . . . . . . . . . . . Hauler Manifests 1 | . . . 1 . . . . . . . . . . . . . . . . . . . . . . . . . . . . . . . . . . . . . Registered Components 5 | . . . 1 . . . . . 1 . . 1 . . . . 1 . . . . . . . . . . . . . . . . 1 . . . . . . Registered Prototypes 2 | . . . . . . . . . 1 1 . . . . . . . . . . . . . . . . . . . . . . . . . . . . . . Zone Layout 4 | . . . . . . 1 . . . 1 . . . . . . . . . . . . . . . . . . . . . 1 . . . . . 1 . . Garrison Registry 2 | . . . . . . . . 1 . . . . . . . . . . . . . . . . . . . . . . . . 1 . . . . . . . Patrol Navigation 1 | . . . . . . . . 1 . . . . . . . . . . . . . . . . . . . . . . . . . . . . . . . . Proto ID Catalog 1 | . . . . . 1 . . . . . . . . . . . . . . . . . . . . . . . . . . . . . . . . . . . Fabricator Hacks 20 | . . . . . . . . . . 5 . 2 . . . . 1 . . . . . 1 . . . . 1 . . . . . 4 4 . 2 . . . Network Status 6 | . . . . . . . . . . 2 . . . . . . 1 . . . . . 1 . . . . . . . . . . 1 . . 1 . . . Load Schematic 6 | . . . . . . . . . . 1 . 1 . . . . . . . . . . . . . . . 1 . . . . . 1 2 . . . . . Build 8 | . . . . . . . . . . 2 . 1 . . . . . . . . . . . . . . . . . . . . . 2 2 . 1 . . . Repair Station Hacks 7 | . . . . . . . . . . . . 2 . . . . 3 . . . . . 1 . . . . 1 . . . . . . . . . . . . Scan Component 5 | . . . . . . . . . . . . 1 . . . . 2 . . . . . 1 . . . . 1 . . . . . . . . . . . . Repair 2 | . . . . . . . . . . . . 1 . . . . 1 . . . . . . . . . . . . . . . . . . . . . . . Recycling Unit Hacks 3 | . 1 . 1 . . . . . . . . . . . . . . . . . . . 1 . . . . . . . . . . . . . . . . . Retrieve Components 3 | . 1 . 1 . . . . . . . . . . . . . . . . . . . 1 . . . . . . . . . . . . . . . . . Scanalyzer 28 | . . . 2 . . . 6 . . 3 . 5 . . . . . . . . . . . . . . . 3 . . . . . 5 . . . 4 . . Insert Component 10 | . . . . . . . 4 . . . . 3 . . . . . . . . . . . . . . . 2 . . . . . 1 . . . . . . Analyze 4 | . . . . . . . 1 . . . . 1 . . . . . . . . . . . . . . . 1 . . . . . 1 . . . . . . Retrieve Study 14 | . . . 2 . . . 1 . . 3 . 1 . . . . . . . . . . . . . . . . . . . . . 3 . . . 4 . . Garrison Access Hacks 8 | . . . . . . . 1 . . 1 . . . . . . 1 . . . . . . . . . . 1 . . . 1 . 1 . . 1 1 . . Unlock Access 2 | . . . . . . . 1 . . . . . . . . . . . . . . . . . . . . . . . . 1 . . . . . . . . Seal Access 6 | . . . . . . . . . . 1 . . . . . . 1 . . . . . . . . . . 1 . . . . . 1 . . 1 1 . . Unauthorized Hacks 43 | . 1 . 2 . . . 2 . 2 5 . 2 . . . . 3 . . . . . 4 . . . . . 2 . . 5 . 4 2 . 4 1 4 . Terminals 25 | . 1 . 2 . . . 2 . 1 2 . 1 . . . . 1 . . . . . 2 . . . . . 2 . . 5 . 2 1 . . . 3 . Assimilate 2 | . . . . . . . . . . . . . . . . . . . . . . . . . . . . . . . . . . . . . . . 2 . Botnet 16 | . 1 . 2 . . . 1 . 1 2 . 1 . . . . 1 . . . . . 2 . . . . . 1 . . . . 2 1 . . . 1 . Disrupt 1 | . . . . . . . . . . . . . . . . . . . . . . . . . . . . . 1 . . . . . . . . . . . Operators 1 | . . . . . . . 1 . . . . . . . . . . . . . . . . . . . . . . . . . . . . . . . . . Sabotage 5 | . . . . . . . . . . . . . . . . . . . . . . . . . . . . . . . . 5 . . . . . . . . Fabricators 11 | . . . . . . . . . . 3 . . . . . . 1 . . . . . . . . . . . . . . . . 2 1 . 4 . . . Report 2 | . . . . . . . . . . 1 . . . . . . . . . . . . . . . . . . . . . . . . . . 1 . . . Prioritize 4 | . . . . . . . . . . 1 . . . . . . . . . . . . . . . . . . . . . . . 1 1 . 1 . . . Fabnet 1 | . . . . . . . . . . . . . . . . . . . . . . . . . . . . . . . . . . . . . 1 . . . Haulers 4 | . . . . . . . . . . 1 . . . . . . 1 . . . . . . . . . . . . . . . . 1 . . 1 . . . Repair Stations 2 | . . . . . . . . . 1 . . . . . . . . . . . . . . . . . . . . . . . . . . . . 1 . . Patch 2 | . . . . . . . . . 1 . . . . . . . . . . . . . . . . . . . . . . . . . . . . 1 . . Recycling Units 1 | . . . . . . . . . . . . . . . . . . . . . . . . . . . . . . . . . . . . . . . 1 . Reject 1 | . . . . . . . . . . . . . . . . . . . . . . . . . . . . . . . . . . . . . . . 1 . Scanalyzers . | . . . . . . . . . . . . . . . . . . . . . . . . . . . . . . . . . . . . . . . . . Garrison Access 4 | . . . . . . . . . . . . 1 . . . . 1 . . . . . 2 . . . . . . . . . . . . . . . . . Jam 4 | . . . . . . . . . . . . 1 . . . . 1 . . . . . 2 . . . . . . . . . . . . . . . . . Data Cores Recovered 5 | . 1 . . . . . . . . . . . . . . . 1 . . . . . . . . . . 2 . . . 1 . . . . . . . . Used 1 | . . . . . . . . . . . . . . . . . . . . . . . . . . . . . . . . 1 . . . . . . . . Hacking Detections 123 | . 3 . 9 . . 1 6 3 4 12 . 8 1 . . . 9 . . . . . 9 . . . . 13 3 . . 5 . 11 9 . 2 7 8 . Full Trace Events 13 | . . . 1 . . . . 1 . 1 . 2 . . . . . . . . . . . . . . . 2 . . . 1 . 2 1 . . . 2 . Feedback Events 2 | . . . . . . . . 1 . . . . . . . . . . . . . . . . . . . . . . . . . . . . . . 1 . Corruption 2 | . . . . . . . . 1 . . . . . . . . . . . . . . . . . . . . . . . . . . . . . . 1 . Feedback Blocked . | . . . . . . . . . . . . . . . . . . . . . . . . . . . . . . . . . . . . . . . . . Robot Schematics Acquired 7 | . . . 1 . . . . . . . . . . . 6 . . . . . . . . . . . . . . . . . . . . . . . . . Robots Built . | . . . . . . . . . . . . . . . . . . . . . . . . . . . . . . . . . . . . . . . . . Authchips . | . . . . . . . . . . . . . . . . . . . . . . . . . . . . . . . . . . . . . . . . . Time . | . . . . . . . . . . . . . . . . . . . . . . . . . . . . . . . . . . . . . . . . . Total Robot Build Rating . | . . . . . . . . . . . . . . . . . . . . . . . . . . . . . . . . . . . . . . . . . Part Schematics Acquired 15 | . . . 2 . . . 1 . . 1 . 1 . . 8 . . . . . . . . . . . . 1 . . . . . 1 . . . . . . Parts Built 12 | . . . . . . . . . . 4 . 2 . . . . . . . . . . . . . . . . . . . . . 3 1 . 2 . . . Authchips 1 | . . . . . . . . . . . . . . . . . . . . . . . . . . . . . . . . . . . 1 . . . . . Time 527 | . . . . . . . . . . 190 . 42 . . . . . . . . . . . . . . . . . . . . . 137 89 . 69 . . . Total Part Build Rating 80 | . . . . . . . . . . 20 . 8 . . . . . . . . . . . . . . . . . . . . . 26 8 . 18 . . . Part Studies Acquired 14 | . . . 2 . . . 1 . . 3 . 1 . . . . . . . . . . . . . . . . . . . . . 3 . . . 4 . . Parts Repaired 2 | . . . . . . . . . . . . 1 . . . . 1 . . . . . . . . . . . . . . . . . . . . . . . Time 110 | . . . . . . . . . . . . 49 . . . . 61 . . . . . . . . . . . . . . . . . . . . . . . Parts Recycled . | . . . . . . . . . . . . . . . . . . . . . . . . . . . . . . . . . . . . . . . . . Recycled Matter . | . . . . . . . . . . . . . . . . . . . . . . . . . . . . . . . . . . . . . . . . . Retrieved Matter . | . . . . . . . . . . . . . . . . . . . . . . . . . . . . . . . . . . . . . . . . . Retrieved Components 11 | . . . 10 . . . . . . . . . . . . . . . . . . . 1 . . . . . . . . . . . . . . . . . Parts Scanalyzed 4 | . . . . . . . 1 . . . . 1 . . . . . . . . . . . . . . . 1 . . . . . 1 . . . . . . Part Schematics Acquired 4 | . . . . . . . 1 . . . . 1 . . . . . . . . . . . . . . . 1 . . . . . 1 . . . . . . Parts Damaged 2 | . . . . . . . . . . . . 1 . . . . . . . . . . . . . . . 1 . . . . . . . . . . . . Bothacking | -11 -10 -10 -9 -9 -9 -8 -8 -8 -8 -7 -7 -7 -7 -7 -7 -6 -6 -6 -6 -6 -6 -5 -5 -5 -5 -5 -4 -4 -4 -4 -4 -4 -4 -3 -3 -3 -2 -1 -1 -1 ------------ Run | Yrd Mat Min Mat Min Exi Min Mat Gar Mat Fac Was Fac Low Low Dat Pro Fac Low Low Zio Dee Pro Fac Upp Upp War Pro Fac Ext Cet Arc Hub Gar Res Arm Lab Res Acc Com Ac0 Used RIF Installer . | . . . . . . . . . . . . . . . . . . . . . . . . . . . . . . . . . . . . . . . . . Robots Hacked 10 | . . . . . . . . . . . . . . . . . . . . . . . 1 . . . . . . . 1 . . . . . . . 8 . Non-combat 2 | . . . . . . . . . . . . . . . . . . . . . . . 1 . . . . . . . 1 . . . . . . . . . Combat 8 | . . . . . . . . . . . . . . . . . . . . . . . . . . . . . . . . . . . . . . . 8 . Robot Hacks Applied 3 | . . . . . . . . . . . . . . . . . . . . . . . 1 . . . . . . . 2 . . . . . . . . . find_chute 1 | . . . . . . . . . . . . . . . . . . . . . . . 1 . . . . . . . . . . . . . . . . . check_alert 2 | . . . . . . . . . . . . . . . . . . . . . . . . . . . . . . . 2 . . . . . . . . . Relay Couplers Released 53 | . . . . . . . . 24 . 3 . . . . . . . . . . . . . . . . . . . . . 3 21 . . . 2 . . . Machine Destruction 47 | . . . . . . . . 21 . 3 . . . . . . . . . . . . . . . . . . . . . . 21 . . . 2 . . . Programmers 6 | . . . . . . . . 3 . . . . . . . . . . . . . . . . . . . . . . . 3 . . . . . . . . Fabnet Peak Effective % 3 | . . . . . . . . . . . . . . . . . . . . . . . . . . . . . . . . . . . . . . 3 3 3 Autooverrided 8 | . . . . . . . . . . . . . . . . . . . . . . . . . . . . . . . . . . . . . . . 8 . Robots Rewired 34 | . 1 . . . . . . . . 1 . . . . . . . 4 . . . . . . . . . . 19 . . . 1 . 8 . . . . . Allies Hacked 2 | . . . . . . . . . . 1 . 1 . . . . . . . . . . . . . . . . . . . . . . . . . . . . Hacks Repelled . | . . . . . . . . . . . . . . . . . . . . . . . . . . . . . . . . . . . . . . . . . Allies | -11 -10 -10 -9 -9 -9 -8 -8 -8 -8 -7 -7 -7 -7 -7 -7 -6 -6 -6 -6 -6 -6 -5 -5 -5 -5 -5 -4 -4 -4 -4 -4 -4 -4 -3 -3 -3 -2 -1 -1 -1 -------- Run | Yrd Mat Min Mat Min Exi Min Mat Gar Mat Fac Was Fac Low Low Dat Pro Fac Low Low Zio Dee Pro Fac Upp Upp War Pro Fac Ext Cet Arc Hub Gar Res Arm Lab Res Acc Com Ac0 Total Allies 89 | . 1 5 . 1 . . . . . 1 18 . . . . . . 6 . 2 . . . . . . . . 31 5 . . 2 . 8 . . . 9 . Largest Group 22 | . 1 5 . 1 1 . . . . 1 18 18 . . . . . 6 4 3 3 . . . . . . . 21 22 19 15 1 . 6 . . . 7 . Highest-Rated Group 1219 | . 8 83 . 31 31 . . . . 30 434 434 . . . . . 166 110 212 212 . . . . . . . 999 1219 1076 855 148 . 344 . . . 580 . Highest-Rated Ally 219 | . 8 31 . 31 31 . . . . 30 35 35 . . . . . 31 30 96 96 . . . . . . . 159 159 96 96 148 . 89 . . . 219 . Initial Warlord ECA Mod 15 | . . . . . . . . . 11 10 10 10 10 10 10 9 9 7 7 7 7 6 6 6 6 6 5 5 5 5 5 5 5 15 15 15 14 13 13 . Warlord Squad Rendezvous 2 | . . . . . . . . . . . . . . . . . 2 . . . . . . . . . . . . . . . . . . . . . . . Infantry 1 | . . . . . . . . . . . . . . . . . 1 . . . . . . . . . . . . . . . . . . . . . . . Muscle 1 | . . . . . . . . . . . . . . . . . 1 . . . . . . . . . . . . . . . . . . . . . . . Total Orders 15 | . . . . . 1 . . . . . . . . . . . . . . . 6 . 1 . . . . . 3 2 2 . . . . . . . . . STAY 5 | . . . . . . . . . . . . . . . . . . . . . 3 . . . . . . . . 1 1 . . . . . . . . . FOLLOW 4 | . . . . . . . . . . . . . . . . . . . . . 2 . . . . . . . . 1 1 . . . . . . . . . RETURN 6 | . . . . . 1 . . . . . . . . . . . . . . . 1 . 1 . . . . . 3 . . . . . . . . . . . Ally Attacks 638 | . . 14 . . . . . . . . . 168 . . . . . 1 10 . 36 . . . . . . . 152 83 17 67 15 . 60 . . . 15 . Total Damage 17781 | . . 196 . . . . . . . . . 3942 . . . . . 60 361 . 809 . . . . . . . 4573 2040 469 1988 509 . 2169 . . . 665 . Kills 107 | . . 6 . . . . . . . . . 39 . . . . . 1 . . 3 . . . . . . . 19 9 2 12 3 . 11 . . . 2 . Allies Corrupted 7 | . . . . . . . . . . 1 . 2 . . . . . . . . . . . . . . . . . . . 3 . . 1 . . . . . Allies Melted 5 | . . . . . . . . . . . . 1 . . . . . . 1 . . . . . . 2 . . . . . . . . . . 1 . . . Intel | -11 -10 -10 -9 -9 -9 -8 -8 -8 -8 -7 -7 -7 -7 -7 -7 -6 -6 -6 -6 -6 -6 -5 -5 -5 -5 -5 -4 -4 -4 -4 -4 -4 -4 -3 -3 -3 -2 -1 -1 -1 ------- Run | Yrd Mat Min Mat Min Exi Min Mat Gar Mat Fac Was Fac Low Low Dat Pro Fac Low Low Zio Dee Pro Fac Upp Upp War Pro Fac Ext Cet Arc Hub Gar Res Arm Lab Res Acc Com Ac0 Active Infowar (turns) 17763 | 2 525 352 441 372 425 61 . . . 185 . . . . . . 1163 . . . 2 849 1170 18 . . . 2411 1632 448 1312 . . 918 90 3 795 1118 3427 44 Optics 9174 | . . . . . . . . . . . . . . . . . . . . . . . . . . . . 1201 1632 448 1312 . . . . . 50 1118 3413 . Sensors 2 | . . . . . 2 . . . . . . . . . . . . . . . . . . . . . . . . . . . . . . . . . . . A.S.S. 13 | . . . . . . . . . . . . . . . . . . . . . . . . . . . . . . . . . . . . . . . 13 . Terrain 3325 | . . . . . . . . . . . . . . . . . 1160 . . . 1 . . . . . . 11 . . . . . 918 90 3 745 351 2 44 Structural 1028 | . . . . . . . . . . . . . . . . . . . . . . . 1010 18 . . . . . . . . . . . . . . . . Seismic 2178 | 2 525 352 441 372 423 61 . . . . . . . . . . . . . . . . . . . . . . . . . . . . . . . . 2 . T.N.C. 245 | . . . . . . . . . . . . . . . . . . . . . . . . . . . . 245 . . . . . . . . . . . . Triangulation 1 | . . . . . . . . . . . . . . . . . . . . . . . 1 . . . . . . . . . . . . . . . . . Cloaking 3 | . . . . . . . . . . . . . . . . . . . . . . . . . . . . . 3 . . . . . . . . . . . Spoofing 1 | . . . . . . . . . . . . . . . . . 1 . . . . . . . . . . . . . . . . . . . . . . . Jamming 1117 | . . . . . . . . . . . . . . . . . . . . . . 849 268 . . . . . . . . . . . . . . . . . ECM 2105 | . . . . . . . . . . 185 . . . . . . 2 . . . 1 . 184 . . . . 1675 57 1 . . . . . . . . . . Robot Analysis Total 3 | . . . 3 . . . . . . . . . . . . . . . . . . . . . . . . . . . . . . . . . . . . . Derelict Logs Recovered 19 | . . 1 . 3 . . . . . . . . 1 . . 2 . 2 2 2 . 3 . 1 . . 2 . . . . . . . . . . . . . Drone Launches 6 | . . . . . 1 . . . . . . . . . . . . . . . 1 . 1 . . . . . 3 . . . . . . . . . . . Drone Recoveries 6 | . . . . . 1 . . . . . . . . . . . . . . . 1 . 1 . . . . . 3 . . . . . . . . . . . Exploration | -11 -10 -10 -9 -9 -9 -8 -8 -8 -8 -7 -7 -7 -7 -7 -7 -6 -6 -6 -6 -6 -6 -5 -5 -5 -5 -5 -4 -4 -4 -4 -4 -4 -4 -3 -3 -3 -2 -1 -1 -1 ------------- Run | Yrd Mat Min Mat Min Exi Min Mat Gar Mat Fac Was Fac Low Low Dat Pro Fac Low Low Zio Dee Pro Fac Upp Upp War Pro Fac Ext Cet Arc Hub Gar Res Arm Lab Res Acc Com Ac0 Turns Passed 54610 | 75 960 482 1240 485 431 588 1062 1540 565 2137 466 1205 1348 1867 93 1419 2429 1714 1345 1093 5138 1455 1425 1559 475 1695 1745 2638 1632 448 2015 1249 1847 1066 678 477 1239 1118 3650 517 Spaces Moved 43550 | 46 630 327 888 461 408 434 567 1062 329 1520 278 816 1105 1353 78 1075 1549 1199 1060 870 3355 1000 842 895 363 1094 969 1581 842 219 276 703 1147 1809 989 357 2434 1491 6744 385 Core 5 | 5 . . . . . . . . . . . . . . . . . . . . . . . . . . . . . . . . . . . . . . . . Treads . | . . . . . . . . . . . . . . . . . . . . . . . . . . . . . . . . . . . . . . . . . Legs 15866 | . . . . . . . . . 3 . . . . . . . 542 1199 1060 870 2407 1000 842 895 363 1094 969 1581 842 219 276 703 975 . . . . . . 26 Wheels 12376 | 41 630 327 888 461 408 434 567 1062 326 1520 278 816 1105 1353 78 1075 1007 . . . . . . . . . . . . . . . . . . . . . . . Hover 15303 | . . . . . . . . . . . . . . . . . . . . . 948 . . . . . . . . . . . 172 1809 989 357 2434 1491 6744 359 Flight . | . . . . . . . . . . . . . . . . . . . . . . . . . . . . . . . . . . . . . . . . . Fastest Speed 21 | 50 80 90 85 95 95 110 100 88 98 91 110 120 120 120 120 110 98 120 120 120 48 132 128 128 128 120 112 112 120 124 124 124 68 21 38 38 36 27 30 25 Average Speed 89 | 94 98 101 95 95 96 115 100 97 105 103 123 121 120 120 120 119 121 120 120 120 103 132 128 137 128 124 119 117 120 124 124 125 121 37 40 40 39 37 34 47 Slowest Speed 470 | 100 125 115 115 95 110 160 103 103 470 130 125 125 120 150 120 120 260 120 120 120 340 132 132 197 128 128 120 172 176 124 169 177 214 96 42 109 40 121 145 170 Overloaded Moves 97 | . . . . . . . . . . . . . . . . . . . . . . . . . . . . . . . . . . 13 . . . 36 . 48 Propulsion Burnouts . | . . . . . . . . . . . . . . . . . . . . . . . . . . . . . . . . . . . . . . . . . Robots Hopped . | . . . . . . . . . . . . . . . . . . . . . . . . . . . . . . . . . . . . . . . . . Potential Cave-ins 20 | . . . . . . . . . . . . . . . . . . . . . 1 . . . . . . 9 . . . . . . . . . 8 2 . Cave-ins Triggered 1 | . . . . . . . . . . . . . . . . . . . . . . . . . . . . . 1 . . . . . . . . . . . Teleports 1 | . . . . . . . . . . . . . . . . . . . . . . . . . . . . . . . . . . . . . . . 1 . Exploration Rate (%) 71 | 3 79 75 68 92 79 82 54 87 26 49 83 30 99 99 68 95 50 98 98 84 82 97 30 93 56 90 83 44 87 81 90 57 86 64 71 89 71 49 93 21 Regions Visited 40 Branch Regions 25 Pre-discovered Areas 9 | . . 1 . 2 1 . . . . . . . 2 . 1 . . . . . . 1 . 1 . . . . . . . . . . . . . . . . Known Exits Taken 14 | . . . 1 . . . 1 . . . . 1 . . . 1 1 . . 1 . . 1 . . . 1 . 1 . . 1 . 1 . 1 1 1 . . Unknown Exits Taken 22 | 1 1 1 . 1 1 1 . . 1 . . . 1 1 1 . . 1 1 . 1 1 . 1 1 1 . 1 . 1 1 . . . 1 . . . 1 . Scrap Searched 35 | . . 1 . 1 . 2 . . . . . . 4 3 . 4 . 4 2 4 . 5 . 2 1 . 2 . . . . . . . . . . . . . Spaces Dug 669 | . . . . . . 41 32 . . 9 16 4 . 80 . . 20 . . . 20 . 16 2 . . . 217 3 . . 10 13 26 11 . 29 79 41 . Terrain Destroyed 2767 | . 48 71 15 . . 41 142 35 45 41 82 4 20 135 . 70 103 5 2 2 49 28 69 38 43 1 44 295 67 7 8 224 285 48 144 . 46 158 98 254 Melee 66 | . . . . . . . . . . 7 . 4 . . . . . . . . . . . . . . . . . . . . . 24 . . 1 26 4 . Projectile 741 | . . . . . . . . 3 . 4 2 . 1 1 . . 30 5 2 2 49 28 38 26 2 1 44 141 39 7 8 47 62 6 28 . 39 60 35 31 AOE 1951 | . 48 71 15 . . 41 142 32 45 30 80 . 19 134 . 70 73 . . . . . 31 12 41 . . 154 28 . . 177 223 18 116 . 6 72 59 214 Terrain Rammed . | . . . . . . . . . . . . . . . . . . . . . . . . . . . . . . . . . . . . . . . . . Walls Destroyed . | . . . . . . . . . . . . . . . . . . . . . . . . . . . . . . . . . . . . . . . . . Machines Disabled . | . . . . . . . . . . . . . . . . . . . . . . . . . . . . . . . . . . . . . . . . . Actions | -11 -10 -10 -9 -9 -9 -8 -8 -8 -8 -7 -7 -7 -7 -7 -7 -6 -6 -6 -6 -6 -6 -5 -5 -5 -5 -5 -4 -4 -4 -4 -4 -4 -4 -3 -3 -3 -2 -1 -1 -1 --------- Run | Yrd Mat Min Mat Min Exi Min Mat Gar Mat Fac Was Fac Low Low Dat Pro Fac Low Low Zio Dee Pro Fac Upp Upp War Pro Fac Ext Cet Arc Hub Gar Res Arm Lab Res Acc Com Ac0 Total 56011 | 63 809 435 1118 495 446 501 912 1314 454 1941 350 993 1115 1504 77 1156 1914 1460 1118 919 4913 1074 1083 1170 367 1418 1460 2096 1335 383 1914 924 1458 2125 1258 687 2707 1976 7987 582 Wait 7704 | 2 44 64 45 20 24 35 195 23 33 176 28 138 . 64 . 29 124 218 41 28 1251 42 111 221 . 275 427 289 196 143 1574 105 74 91 80 290 102 238 824 40 Move 43510 | 45 629 326 887 460 407 433 567 1061 328 1520 277 815 1104 1352 77 1074 1548 1198 1059 869 3354 999 841 894 362 1093 968 1580 841 218 275 702 1144 1808 988 356 2433 1490 6743 385 Hop . | . . . . . . . . . . . . . . . . . . . . . . . . . . . . . . . . . . . . . . . . . Pick Up 327 | 3 16 2 21 2 1 9 14 8 8 24 1 . 1 6 . . 11 1 1 4 51 1 11 1 . 7 2 2 2 4 18 8 7 21 7 9 6 4 30 3 Fast Attach 498 | 7 2 . 17 . 2 . 3 4 11 31 4 5 1 14 . 6 54 8 3 4 53 2 10 9 . 10 3 20 11 1 5 6 34 41 12 7 32 11 38 17 Attach 152 | . 5 4 8 . . 3 9 7 4 5 1 1 . 1 . 1 7 . . 1 10 1 6 1 . . . 2 . 1 . 3 10 16 1 2 3 4 19 16 Detach 78 | . . . 1 . 2 . . 1 1 5 . . . . . 1 5 . . . 8 1 5 . . . . 5 2 . . 2 7 14 1 2 . 1 10 4 Swap 353 | 1 16 14 18 3 3 4 17 16 3 23 6 4 4 12 . 7 17 5 . 2 26 . 9 . 2 5 4 13 10 1 5 4 9 13 18 4 10 17 21 7 Drop 735 | . 9 2 26 3 7 2 14 4 9 51 6 3 . 16 . 3 56 10 4 8 84 1 21 19 . 23 12 36 17 7 18 8 36 63 26 14 39 10 66 2 Fire 2142 | 5 82 23 95 7 . 14 93 134 57 85 27 11 5 39 . 26 92 9 10 3 56 27 68 25 3 5 44 146 57 8 17 85 108 8 97 . 80 157 226 108 Melee 148 | . . . . . . . . . . 18 . 8 . . . . . . . . 13 . . . . . . . . . 2 . 2 50 . 3 2 43 7 . Ram 3 | . 2 . . . . 1 . . . . . . . . . . . . . . . . . . . . . . . . . . . . . . . . . . Kick 5 | . . . . . . . . . . . . . . . . . . . . . . . 1 . . . . 3 . . . 1 . . . . . . . . Crush . | . . . . . . . . . . . . . . . . . . . . . . . . . . . . . . . . . . . . . . . . . Escape Stasis 91 | . . . . . . . . 56 . . . 8 . . . . . . . . . . . . . . . . 1 . . . 26 . . . . . . . Rewire 248 | . 4 . . . . . . . . 3 . . . . . . . 11 . . 1 . . . . . . . 197 . . . 1 . 28 . . . 3 . Trap 17 | . . . . . . . . . . . . . . . . 9 . . . . 6 . . . . . . . 1 . . . . . . . . 1 . . Miscellaneous . | . . . . . . . . . . . . . . . . . . . . . . . . . . . . . . . . . . . . . . . . . Route ------- -11/Scrapyard -10/Materials (discovered 4 exits: *Mat x2 / [*Min x2]) -10/Mines (discovered 2 exits: *Mat x2) -9/Materials (discovered 3 exits: *Mat x2 / *Min) -9/Mines (discovered 3 exits: *Mat x2 / *Exi) -9/Exiles -8/Mines -8/Materials (discovered 2 exits: *Fac / Gar) -8/Garrison (discovered 4 exits: *Mat x4) -8/Materials -7/Factory (discovered 3 exits: *Fac x2 / *Sto) -7/Waste -7/Factory (discovered 5 exits: *Fac / *Sto x2 / *Low x2) -7/Lower Caves -7/Lower Caves (discovered 2 exits: *Fac / *Dat) -7/Data Miner -6/Proximity Caves -6/Factory (discovered 4 exits: *Fac x2 / *Low x2) -6/Lower Caves -6/Lower Caves (discovered 2 exits: *Fac / *Zio) -6/Zion (discovered 2 exits: *Dee / [*Pro]) -6/Deep Caves -5/Proximity Caves -5/Factory (discovered 5 exits: *Fac x3 / *Upp x2) -5/Upper Caves -5/Upper Caves (discovered 2 exits: *Fac / *War) -5/Warlord -4/Proximity Caves -4/Factory (discovered 6 exits: *Res x4 / *Upp / *Ext) -4/Extension (discovered 2 exits: *Res / *Cet) -4/Cetus (discovered 2 exits: *Res / [*Arc]) -4/Archives (discovered 3 exits: *Res / *Hub x2) -4/Hub_04(d) (discovered 4 exits: *Res x3 / Gar) -4/Garrison (discovered 3 exits: *Res x3) -3/Research (discovered 5 exits: *Res x2 / *Arm / *Tes x2) -3/Armory -3/Lab -2/Research (discovered 2 exits: *Acc / *Qua) -1/Access -1/Command (discovered 3 exits: [*Sur x2] / [*Ac0]) -1/Access_0 History --------- Turn | Location | Event 34 | -11/Scrapyard | Discovered new exit (range 12) 76 | -11/Scrapyard | Entered Materials 141 | -10/Materials | Discovered new exit (range 7) 248 | -10/Materials | Discovered new exit (range 13) 323 | -10/Materials | Build established: Mutant 540 | -10/Materials | Discovered new exit (range 10) 657 | -10/Materials | Core integrity fell below 50% 701 | -10/Materials | Lost 3 parts (1p1n1u) 920 | -10/Materials | Discovered new exit (range 11) 1036 | -10/Materials | Entered Mines 1064 | -10/Mines | Learned Materials terminal intel 1066 | -10/Mines | Discovered new exit (range 5) 1088 | -10/Mines | Assisted by bots powering up and referring to "LRC-V3" 1191 | -10/Mines | Learned location of Storage (-7) 1321 | -10/Mines | Assembled infested the area 1398 | -10/Mines | Lost 5 allies 1435 | -10/Mines | Core integrity fell below 20% 1465 | -10/Mines | Destroyed 8 combat bots 1475 | -10/Mines | Lost 4 parts (1n1u2w) 1505 | -10/Mines | Discovered new exit (range 14) 1518 | -10/Mines | Entered Materials 1518 | -9/Materials | Evolved 2 slots: Utility x1, Weapon x1 1519 | -9/Materials | Loaded intel: 12 terminal locations 1688 | -9/Materials | Destroyed 9 combat bots 1816 | -9/Materials | Build established: Tank 1836 | -9/Materials | Discovered new exit (range 15) 1993 | -9/Materials | Destroyed 7 combat bots 2114 | -9/Materials | Identified exit to Mines 2222 | -9/Materials | Destroyed 7 combat bots 2279 | -9/Materials | Core integrity fell below 50% 2547 | -9/Materials | Discovered new exit (range 9) 2718 | -9/Materials | First assault squad dispatched 2758 | -9/Materials | Entered Mines 2775 | -9/Mines | Met a Derelict bent on vengeance 2822 | -9/Mines | Found a damaged Exp. Sensor Array with a note attached 2825 | -9/Mines | Found Prototype Device 2995 | -9/Mines | Found the Drone Emporium 3002 | -9/Mines | Found Prototype Device 3011 | -9/Mines | Discovered new exit (range 14) 3018 | -9/Mines | Learned location of Zion (-6) 3147 | -9/Mines | Discovered new exit (range 14) 3155 | -9/Mines | Received a Mining Laser from a helpful Derelict 3166 | -9/Mines | Deemed a non-threat by the Exiles lab entrance 3166 | -9/Mines | Discovered new exit (range 5) 3193 | -9/Mines | Build established: Gunner 3243 | -9/Mines | Entered Exiles 3243 | -9/Exiles | Accompanied by 1 ally 3270 | -9/Exiles | Met 8R-AWN 3285 | -9/Exiles | Met EX-HEX 3357 | -9/Exiles | Met EX-BIN 3370 | -9/Exiles | Aligned with FarCom system 3371 | -9/Exiles | Given EX-Vault access code 3393 | -9/Exiles | Opened EX-Vault 3401 | -9/Exiles | Found Supersonic Drone Bay 3410 | -9/Exiles | Identified Exp. Sensor Array 3414 | -9/Exiles | Found 0b10 Alert Chip 3435 | -9/Exiles | Warned to stay clear of 0b10 Research branches 3527 | -9/Exiles | Met EX-DEC 3546 | -9/Exiles | Visited The Gauntlet 3548 | -9/Exiles | Build established: Mutant 3660 | -9/Exiles | Discovered new exit (range 14) 3674 | -9/Exiles | Left Exiles lab with 0b10 Alert Chip 3674 | -9/Exiles | Entered Mines 3772 | -8/Mines | Discovered new exit (range 5) 3875 | -8/Mines | Found DCF Scrap (13 items) 3982 | -8/Mines | Build established: Skirmisher 4262 | -8/Mines | Entered Materials 4262 | -8/Materials | Evolved 2 slots: Propulsion x1, Utility x1 4303 | -8/Materials | Central database locked down 4780 | -8/Materials | Destroyed 9 combat bots 4805 | -8/Materials | Identified Bomb Drone Bay 4841 | -8/Materials | Discovered new exit (range 12) 5062 | -8/Materials | First assault squad dispatched 5267 | -8/Materials | Garrison activated, responded to threat 5268 | -8/Materials | Build established: Tank 5319 | -8/Materials | Destroyed 8 combat bots 5324 | -8/Materials | Identified exit to Garrison 5324 | -8/Materials | Entered Garrison 5436 | -8/Garrison | Triggered checkpoint 5462 | -8/Garrison | Garrison Relay disabled 5650 | -8/Garrison | Destroyed 7 combat bots 5652 | -8/Garrison | Triggered checkpoint 5682 | -8/Garrison | Triggered checkpoint 5782 | -8/Garrison | Discovered new exit (range 11) 5850 | -8/Garrison | Triggered checkpoint 5902 | -8/Garrison | Build established: Scavenger-Skirmisher 5931 | -8/Garrison | Triggered checkpoint 6095 | -8/Garrison | Garrison Relay disabled 6127 | -8/Garrison | Discovered new exit (range 8) 6231 | -8/Garrison | Build established: Scavenger-Mutant 6328 | -8/Garrison | Triggered checkpoint 6333 | -8/Garrison | Lost 3 parts (1p1n1u) 6420 | -8/Garrison | Garrison Relay disabled 6476 | -8/Garrison | Discovered new exit (range 10) 6519 | -8/Garrison | Core integrity fell below 50% 6609 | -8/Garrison | Discovered new exit (range 83) 6609 | -8/Garrison | Discovered new exit (range 85) 6609 | -8/Garrison | Discovered new exit (range 44) 6609 | -8/Garrison | Discovered new exit (range 51) 6635 | -8/Garrison | Garrison Relay disabled 6864 | -8/Garrison | Entered Materials 7078 | -8/Materials | Lost 3 parts (1n1u1w) 7239 | -8/Materials | Lost 3 parts (1p1n1w) 7296 | -8/Materials | Discovered new exit (range 10) 7429 | -8/Materials | Entered Factory 7429 | -7/Factory | Evolved 2 slots: Utility x2 7430 | -7/Factory | Identified exit to Storage 7534 | -7/Factory | Build established: Scavenger-Skirmisher 7581 | -7/Factory | Fabricated Imp. Corruption Screen (x2) 7731 | -7/Factory | Discovered new exit (range 5) 8200 | -7/Factory | Garrison activated, responded to threat 8257 | -7/Factory | Discovered new exit (range 9) 8447 | -7/Factory | Fabricated System Restoration Module (x2) 8719 | -7/Factory | Build established: Hacker-Mutant 8947 | -7/Factory | Allied Derelicts emerged from ambush trap array 9044 | -7/Factory | Cargo convoy interrupted 9127 | -7/Factory | Destroyed 8 combat bots 9153 | -7/Factory | Found Prototype Energy Cannon 9153 | -7/Factory | Identified Exp. Thermic Cannon 9446 | -7/Factory | Build established: Skirmisher 9566 | -7/Factory | Sucked down chute 9566 | -7/Factory | Entered Waste 9581 | -7/Waste | EMP discharged 9581 | -7/Waste | System corruption reached 10% 9581 | -7/Waste | Spotted C-40 Crusher 9607 | -7/Waste | Destroyed C-40 Crusher 9617 | -7/Waste | Found Damper Plating 9631 | -7/Waste | Spotted C-40 Crusher 9653 | -7/Waste | Spotted C-40 Crusher 9681 | -7/Waste | EMP discharged 9681 | -7/Waste | Destroyed C-40 Crusher 9720 | -7/Waste | Spotted C-40 Crusher 9726 | -7/Waste | Spotted C-40 Crusher 9730 | -7/Waste | Spotted C-40 Crusher 9731 | -7/Waste | Destroyed C-40 Crusher 9775 | -7/Waste | Destroyed C-40 Crusher 9781 | -7/Waste | EMP discharged 9838 | -7/Waste | Destroyed C-40 Crusher 9838 | -7/Waste | Destroyed C-40 Crusher 9851 | -7/Waste | Found Damper Plating 9870 | -7/Waste | Discovered new exit (range 16) 9881 | -7/Waste | EMP discharged 9891 | -7/Waste | Met Warlord forces unprepared to attack 9981 | -7/Waste | EMP discharged 10032 | -7/Waste | Entered Factory 10032 | -7/Factory | Accompanied by 18 allies 10047 | -7/Factory | Discovered new exit (range 15) 10171 | -7/Factory | Identified exit to Factory 10180 | -7/Factory | Build established: Mutant 10418 | -7/Factory | Discovered exit to Storage (range 5) 10491 | -7/Factory | Repaired Gravity Flail 10603 | -7/Factory | Discovered new exit (range 15) 10638 | -7/Factory | Identified exit to Lower Caves 10701 | -7/Factory | Garrison activated, responded to threat 10764 | -7/Factory | Watched by a mysterious "MATRIX" hacker. 11093 | -7/Factory | Lost 5 allies 11119 | -7/Factory | Fabricated System Restoration Module (x2) 11237 | -7/Factory | Entered Lower Caves 11253 | -7/Lower Caves | Met a Warlord Commander 11254 | -7/Lower Caves | Learned location of Warlord (-5) 11255 | -7/Lower Caves | Warlord Commander delivered Encrypted Comm Array 11258 | -7/Lower Caves | Found Encrypted Comm Array 11410 | -7/Lower Caves | Encountered a Warlord checkpoint 11489 | -7/Lower Caves | Build established: Tank 11718 | -7/Lower Caves | Discovered new exit (range 8) 12585 | -7/Lower Caves | Entered another Lower Caves area 12597 | -7/Lower Caves | Discovered exit to Factory (range 15) 13059 | -7/Lower Caves | Attracted the attention of an 0b10 checkpoint 13154 | -7/Lower Caves | Attacked by a faux Warlord 13616 | -7/Lower Caves | Discovered new exit (range 4) 14452 | -7/Lower Caves | Entered Data Miner 14452 | -7/Data Miner | Discovered new exit (range 6) 14475 | -7/Data Miner | Met Data Miner 14496 | -7/Data Miner | Learned location of Section 7 (-2) 14496 | -7/Data Miner | Acquired the access code to Warlord's prototype stash 14516 | -7/Data Miner | Received God Mode back door access code from Data Miner 14545 | -7/Data Miner | Entered Proximity Caves 14745 | -6/Proximity Caves | Spotted B-75 Beast 14753 | -6/Proximity Caves | Destroyed B-75 Beast 15608 | -6/Proximity Caves | Build established: Gunner 15888 | -6/Proximity Caves | Discovered exit to Factory (range 5) 15917 | -6/Proximity Caves | Attracted the attention of an 0b10 outpost 15964 | -6/Proximity Caves | Entered Factory 15964 | -6/Factory | Evolved 2 slots: Power x1, Propulsion x1 15965 | -6/Factory | Destroyed 8 combat bots 16111 | -6/Factory | Joined by Warlord Infantry squad 16118 | -6/Factory | Garrison activated, responded to threat 16229 | -6/Factory | Build established: Skirmisher 16565 | -6/Factory | Build established: Hacker-Skirmisher 16728 | -6/Factory | Joined by Warlord Muscle squad 16874 | -6/Factory | Build established: Skirmisher 16895 | -6/Factory | Discovered new exit (range 2) 17065 | -6/Factory | Discovered new exit (range 11) 17096 | -6/Factory | Repaired Broken Arm. Huge Wheel+? 17228 | -6/Factory | Cargo convoy interrupted 17352 | -6/Factory | Discovered new exit (range 15) 17353 | -6/Factory | Specialist reinforcements revealed to be Infiltrators 17431 | -6/Factory | Found Prototype Device 17431 | -6/Factory | Identified Exp. ECM Suite 17727 | -6/Factory | Build established: Hacker-Skirmisher 17971 | -6/Factory | Discovered new exit (range 14) 18032 | -6/Factory | Identified exit to Lower Caves 18156 | -6/Factory | System corruption reached 10% 18393 | -6/Factory | Entered Lower Caves 18504 | -6/Lower Caves | Build established: Tank 19121 | -6/Lower Caves | Attacked by a delusional Derelict stockpiling Unaware 19177 | -6/Lower Caves | Found Alien Artifact 19444 | -6/Lower Caves | Build established: Commander-Tank 19449 | -6/Lower Caves | Learned location of 1 exit from Factory 19499 | -6/Lower Caves | Discovered new exit (range 14) 19538 | -6/Lower Caves | Learned 4 Factory zone layouts 19967 | -6/Lower Caves | Entered an active Warlord outpost 19970 | -6/Lower Caves | A Commander dispatched an escort 19991 | -6/Lower Caves | Learned location of 1 exit from Research 19991 | -6/Lower Caves | Learned Research trap positions 19991 | -6/Lower Caves | Learned Extension terminal intel 20107 | -6/Lower Caves | Entered another Lower Caves area 20107 | -6/Lower Caves | Accompanied by 6 allies 20108 | -6/Lower Caves | Commander's escort returned to base 20108 | -6/Lower Caves | Commander's escort returned to base 20197 | -6/Lower Caves | Discovered new exit (range 10) 20292 | -6/Lower Caves | Build established: Commander-Gunner 20759 | -6/Lower Caves | Attacked by a delusional Derelict stockpiling parts 21058 | -6/Lower Caves | Build established: Gunner 21073 | -6/Lower Caves | Spotted B-75 Beast 21101 | -6/Lower Caves | Destroyed B-75 Beast 21212 | -6/Lower Caves | Discovered new exit (range 14) 21216 | -6/Lower Caves | Learned Factory emergency access door positions 21452 | -6/Lower Caves | Entered Zion 21452 | -6/Zion | Accompanied by 1 ally 21511 | -6/Zion | Found CR-A16's Pointy Stick 21514 | -6/Zion | Discovered new exit (range 10) 21731 | -6/Zion | Given the Hacking Drone Bay 21732 | -6/Zion | Found Prototype Device 21772 | -6/Zion | Given A8's code to call for help 21800 | -6/Zion | Identified exit to Deep Caves 21836 | -6/Zion | Learned Factory fabricator intel 21946 | -6/Zion | Found Prototype Launcher 21946 | -6/Zion | Identified Rocket Array 22221 | -6/Zion | Found Rocket Array 22327 | -6/Zion | Rebuked by Imprinter 22501 | -6/Zion | Enhanced Grunt warped into view, answering call for help 22502 | -6/Zion | Enhanced Grunt warped into view, answering call for help 22514 | -6/Zion | Saw the warning signs outside the Deep Caves entrance 22545 | -6/Zion | Entered Deep Caves 22545 | -6/Deep Caves | Accompanied by 3 allies 22668 | -6/Deep Caves | Attacked by Z-Imprinter 22684 | -6/Deep Caves | Destroyed Z-Imprinter 22716 | -6/Deep Caves | Found Prototype Protection 22716 | -6/Deep Caves | Identified Zio. Weapon Casing 22720 | -6/Deep Caves | Identified Hacking Drone Bay 22754 | -6/Deep Caves | Found Prototype Device 22765 | -6/Deep Caves | Identified Dimensional Node Initializer 22765 | -6/Deep Caves | Initialized slip node 22767 | -6/Deep Caves | Identified Zio. Metafield Generator 22843 | -6/Deep Caves | Z-Facility disabled 23218 | -6/Deep Caves | Found Prototype Protection 23218 | -6/Deep Caves | Identified Zio. Heavy Carapace 23386 | -6/Deep Caves | Found Surveybot 24 Scanner 23391 | -6/Deep Caves | Found Surveybot 24 Chip 23431 | -6/Deep Caves | Build established: Tank 23525 | -6/Deep Caves | Discovered new exit (range 6) 23610 | -6/Deep Caves | Spotted Golem 23963 | -6/Deep Caves | Lost 3 parts (1p2u) 24039 | -6/Deep Caves | Build established: Mutant 24269 | -6/Deep Caves | Found Zio. Heavy Carapace 24295 | -6/Deep Caves | Found Zio. Heavy Carapace 24498 | -6/Deep Caves | Build established: Scavenger-Mutant 24557 | -6/Deep Caves | Found Prototype Device 24557 | -6/Deep Caves | Identified Exp. Thermal Shield 24668 | -6/Deep Caves | Core integrity fell below 50% 24732 | -6/Deep Caves | Spotted Golem 24911 | -6/Deep Caves | Triggered Deep Caves wall 24911 | -6/Deep Caves | Spotted Assembler 24911 | -6/Deep Caves | Spotted Assembler 24914 | -6/Deep Caves | Destroyed Assembler 24914 | -6/Deep Caves | Destroyed Assembler 24935 | -6/Deep Caves | Destroyed 35 combat bots 25115 | -6/Deep Caves | Destroyed Golem 25119 | -6/Deep Caves | Found GOLEM Unit 25144 | -6/Deep Caves | Lost 7 parts (4n3u) 25266 | -6/Deep Caves | Exposed GOLEM chamber 25269 | -6/Deep Caves | Found GOLEM Unit 25594 | -6/Deep Caves | Found Zio. Heavy Carapace 25682 | -6/Deep Caves | Found Zio. Weapon Casing 25941 | -6/Deep Caves | Found Zio. Weapon Casing 25946 | -6/Deep Caves | Found Zio. Weapon Casing 26087 | -6/Deep Caves | Found GOLEM Unit 27019 | -6/Deep Caves | Build established: Scavenger-Gunner 27601 | -6/Deep Caves | Found GOLEM Unit 27683 | -6/Deep Caves | Entered Proximity Caves 28006 | -5/Proximity Caves | Attracted the attention of an 0b10 checkpoint 28093 | -5/Proximity Caves | Received a Behemoth hack from an annoying Tinkerer 28310 | -5/Proximity Caves | Build established: Gunner 28429 | -5/Proximity Caves | Spotted B-75 Beast 28436 | -5/Proximity Caves | Destroyed B-75 Beast 28630 | -5/Proximity Caves | Learned Factory trap positions 29013 | -5/Proximity Caves | Discovered new exit (range 15) 29032 | -5/Proximity Caves | Learned location of 1 exit from Factory 29138 | -5/Proximity Caves | Entered Factory 29138 | -5/Factory | Evolved 2 slots: Propulsion x1, Utility x1 29139 | -5/Factory | Identified exit to Upper Caves 29140 | -5/Factory | Identified exit to Factory 29142 | -5/Factory | Loaded intel: 110 trap records 29144 | -5/Factory | Loaded intel: 6 fabricator locations 30403 | -5/Factory | Build established: Golem 30563 | -5/Factory | Entered Upper Caves 31312 | -5/Upper Caves | Discovered new exit (range 12) 32122 | -5/Upper Caves | Entered another Upper Caves area 32166 | -5/Upper Caves | Discovered exit to Factory (range 11) 32548 | -5/Upper Caves | Discovered new exit (range 11) 32573 | -5/Upper Caves | Attracted the attention of an 0b10 outpost 32597 | -5/Upper Caves | Entered Warlord 32642 | -5/Warlord | System corruption cleaned by Quarantine Array 33168 | -5/Warlord | Opened Warlord's prototype stash 33173 | -5/Warlord | Found Prototype Reactor 33173 | -5/Warlord | Identified Vortex Chain Reactor 33179 | -5/Warlord | Found Prototype Processor 33179 | -5/Warlord | Identified Exp. Targeting Computer 33271 | -5/Warlord | Met Warlord 33292 | -5/Warlord | Warlord's base attacked by MAIN.C 33397 | -5/Warlord | Found Prototype Energy Cannon 33397 | -5/Warlord | Identified Vortex Driver 33403 | -5/Warlord | Found Prototype Energy Gun 33403 | -5/Warlord | Identified Vortex Rail 33416 | -5/Warlord | Found Vortex Driver 33642 | -5/Warlord | Warlord forces counterattacked 33684 | -5/Warlord | Spotted B-86 Titan 33714 | -5/Warlord | Lost 8 allies 33716 | -5/Warlord | Found Prototype Device 33716 | -5/Warlord | Identified Adv. Kinecellerator 33729 | -5/Warlord | Spotted Executioner 33831 | -5/Warlord | Lost 7 allies 33892 | -5/Warlord | Spotted Executioner 33946 | -5/Warlord | Lost 9 allies 33967 | -5/Warlord | Warlord base infiltrated, sounded retreat 34153 | -5/Warlord | Spotted B-86 Titan 34201 | -5/Warlord | Spotted Executioner 34204 | -5/Warlord | Lost 8 allies 34207 | -5/Warlord | Spotted Executioner 34238 | -5/Warlord | Discovered new exit (range 14) 34292 | -5/Warlord | Entered Proximity Caves 34446 | -4/Proximity Caves | Learned 4 Research zone layouts 34523 | -4/Proximity Caves | Spotter reported a threat 34656 | -4/Proximity Caves | Spotter reported a threat 35071 | -4/Proximity Caves | Discovered exit to Factory (range 7) 35076 | -4/Proximity Caves | Learned location of 1 exit from Research 35101 | -4/Proximity Caves | Attracted the attention of an 0b10 checkpoint 35265 | -4/Proximity Caves | Spotted B-86 Titan 35284 | -4/Proximity Caves | Destroyed B-86 Titan 36037 | -4/Proximity Caves | Entered Factory 36037 | -4/Factory | Evolved 2 slots: Utility x2 36287 | -4/Factory | First assault squad dispatched 36307 | -4/Factory | Garrison activated, responded to threat 36804 | -4/Factory | Incoming assault squad redirected 36874 | -4/Factory | Identified exit to Research 37411 | -4/Factory | Found Exp. ECM Suite 37446 | -4/Factory | Discovered new exit (range 14) 37556 | -4/Factory | Incoming assault squad redirected 37783 | -4/Factory | Identified exit to Upper Caves 38308 | -4/Factory | Incoming assault squad redirected 38545 | -4/Factory | Spotted B-86 Titan 38565 | -4/Factory | Incoming assault squad redirected 38668 | -4/Factory | Discovered new exit (range 4) 38675 | -4/Factory | Entered Extension 38676 | -4/Extension | Loaded intel: 18 terminal locations 38804 | -4/Extension | Rescued a captive Derelict 38805 | -4/Extension | Rescued a captive Derelict 38925 | -4/Extension | First assault squad dispatched 39102 | -4/Extension | Rescued a captive Derelict 39113 | -4/Extension | Rescued A7 39118 | -4/Extension | Lost 4 allies 39171 | -4/Extension | Rescued a captive Derelict 39172 | -4/Extension | Rescued a captive Derelict 39225 | -4/Extension | Build established: Commander-Golem 39502 | -4/Extension | Spotted B-86 Titan 39517 | -4/Extension | Destroyed B-86 Titan 39525 | -4/Extension | Spotted B-86 Titan 39533 | -4/Extension | Destroyed B-86 Titan 39584 | -4/Extension | Rescued a captive Derelict 39585 | -4/Extension | Rescued a captive Derelict 39626 | -4/Extension | Rescued a captive Derelict 39691 | -4/Extension | Identified exit to Cetus 39817 | -4/Extension | Incoming assault squad redirected 39839 | -4/Extension | P-70 Sage assimilated allied 1J-CE0(l) 39949 | -4/Extension | Rescued a captive Derelict 39951 | -4/Extension | Rescued a captive Derelict 39983 | -4/Extension | Crushed by falling debris 40062 | -4/Extension | Rescued a captive Derelict 40221 | -4/Extension | Discovered exit to Research (range 10) 40233 | -4/Extension | Found Powered Armor 40307 | -4/Extension | Entered Cetus 40307 | -4/Cetus | Accompanied by 21 allies (A7) 40312 | -4/Cetus | Acquired a Cetus Manufacturing Module code from A7 40314 | -4/Cetus | Spotted Cetus Guard 40314 | -4/Cetus | Spotted Cetus Guard 40319 | -4/Cetus | Spotted Cetus Guard 40320 | -4/Cetus | Spotted Cetus Guard 40323 | -4/Cetus | Allies destroyed Cetus Guard 40332 | -4/Cetus | Destroyed Cetus Guard 40341 | -4/Cetus | Allies destroyed Cetus Guard 40344 | -4/Cetus | Allies destroyed Cetus Guard 40417 | -4/Cetus | Escorted A7 to Cetus Mainframe 40428 | -4/Cetus | Started Cetus Manufacturing Module 40453 | -4/Cetus | Manufactured an Enhanced Grunt 40463 | -4/Cetus | Discovered new exit (range 21) 40478 | -4/Cetus | Manufactured an Enhanced Grunt 40503 | -4/Cetus | Manufactured an Enhanced Grunt 40503 | -4/Cetus | Spotted Cetus Guard 40504 | -4/Cetus | Spotted Cetus Guard 40511 | -4/Cetus | Spotted Cetus Guard 40512 | -4/Cetus | Spotted Cetus Guard 40524 | -4/Cetus | Allies destroyed Cetus Guard 40528 | -4/Cetus | Manufactured an Enhanced Grunt 40528 | -4/Cetus | Allies destroyed Cetus Guard 40531 | -4/Cetus | Allies destroyed Cetus Guard 40537 | -4/Cetus | Allies destroyed Cetus Guard 40539 | -4/Cetus | Discovered exit to Research (range 22) 40553 | -4/Cetus | Manufactured an Enhanced Grunt 40560 | -4/Cetus | Met Revision 17 40562 | -4/Cetus | Lost 4 allies 40727 | -4/Cetus | Murdered A7 40731 | -4/Cetus | Extracted ID and sensor layout for unrecognized location from A7's data core 40755 | -4/Cetus | Entered Archives 40755 | -4/Archives | Accompanied by 19 allies 40787 | -4/Archives | Discovered new exit (range 21) 40803 | -4/Archives | Lost 4 allies 40804 | -4/Archives | Discovered exit to Research (range 21) 40805 | -4/Archives | Discovered new exit (range 17) 42770 | -4/Archives | Entered Hub_04(d) 42770 | -4/Hub_04(d) | Accompanied by 15 allies 42770 | -4/Hub_04(d) | Discovered exit to Research (range 11) 42792 | -4/Hub_04(d) | Network Hub disabled 42793 | -4/Hub_04(d) | Spotted Lightning 42793 | -4/Hub_04(d) | Spotted Lightning 42793 | -4/Hub_04(d) | Spotted Lightning 42804 | -4/Hub_04(d) | Destroyed Lightning 42811 | -4/Hub_04(d) | Allies destroyed Lightning 42812 | -4/Hub_04(d) | Allies destroyed Lightning 42835 | -4/Hub_04(d) | Lost 9 allies 43007 | -4/Hub_04(d) | P-70 Sage assimilated allied M4-KZU(b) 43015 | -4/Hub_04(d) | Lost 4 allies 43276 | -4/Hub_04(d) | Build established: Golem 43312 | -4/Hub_04(d) | Spotted B-86 Titan 43439 | -4/Hub_04(d) | Destroyed B-86 Titan 43570 | -4/Hub_04(d) | Identified exit to Garrison 43623 | -4/Hub_04(d) | Discovered exit to Research (range 9) 43693 | -4/Hub_04(d) | Discovered exit to Research (range 5) 43719 | -4/Hub_04(d) | Spotted Lightning 43722 | -4/Hub_04(d) | Spotted Lightning 43722 | -4/Hub_04(d) | Spotted Lightning 43727 | -4/Hub_04(d) | Destroyed Lightning 43731 | -4/Hub_04(d) | System corruption reached 10% 43767 | -4/Hub_04(d) | Destroyed Lightning 43771 | -4/Hub_04(d) | Destroyed Lightning 43792 | -4/Hub_04(d) | Lost 5 parts (2n2u1w) 43831 | -4/Hub_04(d) | Found Prototype Hackware 43901 | -4/Hub_04(d) | Network Hub disabled 43916 | -4/Hub_04(d) | Identified Exp. Hacking Suite 44019 | -4/Hub_04(d) | Entered Garrison 44024 | -4/Garrison | Build established: Mutant 44050 | -4/Garrison | Spotted B-86 Titan 44064 | -4/Garrison | Rewired B-90 Cyclops 44079 | -4/Garrison | Allies destroyed B-86 Titan 44101 | -4/Garrison | Discovered exit to Research (range 62) 44101 | -4/Garrison | Discovered exit to Research (range 69) 44101 | -4/Garrison | Discovered exit to Research (range 63) 44171 | -4/Garrison | Triggered checkpoint 44171 | -4/Garrison | Triggered checkpoint 44263 | -4/Garrison | Triggered checkpoint 44361 | -4/Garrison | Triggered checkpoint 44389 | -4/Garrison | Garrison Relay disabled 44547 | -4/Garrison | Triggered checkpoint 44610 | -4/Garrison | Garrison Relay disabled 44751 | -4/Garrison | Phase Generator disabled 44751 | -4/Garrison | Spotted B-86 Titan 44794 | -4/Garrison | Triggered checkpoint 44826 | -4/Garrison | Garrison Relay disabled 44835 | -4/Garrison | Garrison Relay disabled 44889 | -4/Garrison | Triggered checkpoint 44890 | -4/Garrison | Rescued a captive Derelict 45273 | -4/Garrison | Attempted to access garrison exit controls, blocked by remote lockdown 45378 | -4/Garrison | Core integrity fell below 50% 45390 | -4/Garrison | Destroyed B-86 Titan 45509 | -4/Garrison | Build established: Scavenger-Gunner 45533 | -4/Garrison | Triggered checkpoint 45595 | -4/Garrison | Spotted B-86 Titan 45744 | -4/Garrison | Attempted to access garrison exit controls, blocked by remote lockdown 45866 | -4/Garrison | Entered Research 45866 | -3/Research | Evolved 2 slots: Propulsion x1, Utility x1 45867 | -3/Research | Identified exit to Armory 45867 | -3/Research | Identified exit to Research 45869 | -3/Research | Loaded intel: 62 trap records 45955 | -3/Research | Identified exit to Testing 45976 | -3/Research | Found Prototype Processor 45976 | -3/Research | Identified Exp. Signal Interpreter 46066 | -3/Research | Revision forces began assault on 0b10 46080 | -3/Research | Found Prototype Device 46080 | -3/Research | Identified Exp. Focal Shield 46189 | -3/Research | Build established: Scavenger-Scout 46230 | -3/Research | Spotted B-86 Titan 46306 | -3/Research | Met up with Revision 17++ 46323 | -3/Research | Fabricated Cld. Antigrav System? 46345 | -3/Research | Lost 6 allies 46400 | -3/Research | Declared boring by mysterious "MATRIX" hacker. 46406 | -3/Research | Found Prototype Device 46406 | -3/Research | Identified Adv. EM Shield 46526 | -3/Research | Discovered exit to Research (range 20) 46566 | -3/Research | Research terminal network offline 46584 | -3/Research | Fabricated Enh. Nova Cannon (x2) 46591 | -3/Research | Build established: Scout 46605 | -3/Research | Central database locked down 46739 | -3/Research | Found Adv. Kinecellerator 46752 | -3/Research | Spotted Striker 46766 | -3/Research | Destroyed Striker 46832 | -3/Research | Found Quantum Capacitor 46835 | -3/Research | Found Unknown Device 46835 | -3/Research | Identified Launcher Loader 46932 | -3/Research | Entered Armory 46933 | -3/Armory | Met VL-GR5, who suggested a friendly competition 47054 | -3/Armory | Destroyed 9 combat bots 47109 | -3/Armory | Build established: Mutant 47182 | -3/Armory | First assault squad dispatched 47183 | -3/Armory | Lost the competition with VL-GR5 47303 | -3/Armory | Fabricated Cld. Antigrav System? 47541 | -3/Armory | Found Fusion Bomb Launcher 47543 | -3/Armory | Discovered new exit (range 5) 47610 | -3/Armory | Entered Lab 47611 | -3/Lab | Discovered exit to Research (range 9) 47616 | -3/Lab | Hidden lab's door opened automatically 47616 | -3/Lab | Sensor layout match revealed 47617 | -3/Lab | Gained access to the hidden lab's interior 47800 | -3/Lab | Found Prototype Energy Gun 47802 | -3/Lab | Found Prototype Energy Cannon 47803 | -3/Lab | Found Prototype Protection 47805 | -3/Lab | Found Prototype Hackware 47816 | -3/Lab | Identified Tachyon Dispersion Ray 47817 | -3/Lab | Identified Potential Cannon 47826 | -3/Lab | Identified Med. Regenerative Plating 47829 | -3/Lab | Found Alien Artifact 47875 | -3/Lab | Found Alien Artifact 47875 | -3/Lab | Identified Core Regenerator 47875 | -3/Lab | Used Core Regenerator, restored core integrity (+194) 47882 | -3/Lab | Found Alien Artifact 47882 | -3/Lab | Identified Integrated Reactor 47882 | -3/Lab | Installed Integrated Reactor, increased core energy generation (+10) 48087 | -3/Lab | Entered Research 48087 | -2/Research | Warlord forces began assault on 0b10 48087 | -2/Research | Evolved 2 slots: Propulsion x1, Utility x1 48112 | -2/Research | Distinguished unit "Magnificent Bastards" dispatched to help 48112 | -2/Research | Distinguished unit "Railsplitters" dispatched to help 48126 | -2/Research | Fabricated Cmb. Linear Gravjet (x2) 48138 | -2/Research | Met up with Warlord 48197 | -2/Research | Research machine network offline 48262 | -2/Research | Found Prototype Launcher 48262 | -2/Research | Identified Point Singularity Launcher 48279 | -2/Research | Spotted B-90 Cyclops 48300 | -2/Research | Spotted B-90 Cyclops 48530 | -2/Research | Borebot progress halted 48623 | -2/Research | Found Quantum Capacitor 48630 | -2/Research | Discovered new exit (range 6) 48635 | -2/Research | Spotted Striker 48636 | -2/Research | Identified exit to Quarantine 48701 | -2/Research | Build established: Scout 48731 | -2/Research | Found Prototype Processor 48731 | -2/Research | Identified Exp. Core Analyzer 48870 | -2/Research | Spotted Executioner 48884 | -2/Research | Spotted Executioner 49084 | -2/Research | Discovered new exit (range 14) 49110 | -2/Research | Borebot progress halted 49140 | -2/Research | Lost 3 allies 49150 | -2/Research | Spotted B-90 Cyclops 49165 | -2/Research | Identified exit to Access 49196 | -2/Research | Warlord invited to help at Command 49196 | -2/Research | Given Cave Seal Controls access code 49282 | -2/Research | Spotted Striker 49326 | -2/Research | Entered Access 49326 | -1/Access | Evolved 2 slots: Propulsion x1, Utility x1 49332 | -1/Access | Identified Deep Network Scanner 49335 | -1/Access | Identified exit to Command 49454 | -1/Access | Found Prototype Device 49461 | -1/Access | Identified Exp. Shield Generator 49465 | -1/Access | Found Exp. Shield Generator 49681 | -1/Access | Build established: Hacker-Mutant 49890 | -1/Access | Spotted B-99 Colossus 50068 | -1/Access | Garrison activated, responded to threat 50073 | -1/Access | Build established: Hacker-Scout 50381 | -1/Access | Build established: Hacker-Mutant 50444 | -1/Access | Entered Command 50597 | -1/Command | Destroyed 7 combat bots 50923 | -1/Command | Disengaged cave seal 50923 | -1/Command | Derelicts emerged from the dark tunnel 50923 | -1/Command | Welcomed Warlord to Command 50939 | -1/Command | Spotted M Guard 50939 | -1/Command | Spotted Combat Programmer 50941 | -1/Command | Spotted M Guard 50942 | -1/Command | Spotted Combat Programmer 50953 | -1/Command | Warlord commented on Warlord statues 50957 | -1/Command | Destroyed Combat Programmer 50979 | -1/Command | Destroyed M Guard 50990 | -1/Command | All MAIN.C guards destroyed 51018 | -1/Command | Lost 16 allies 51019 | -1/Command | Found Prototype Device 51019 | -1/Command | Identified AEGIS Remote Shield 51114 | -1/Command | Met MAIN.C 51119 | -1/Command | 0b10 Conduit disabled 51120 | -1/Command | Warlord shut down involuntarily 51148 | -1/Command | MAIN.C activated Command garrisons 51183 | -1/Command | Identified Transdimensional Reconstructor 51183 | -1/Command | Discovered new exit (range 33) 51183 | -1/Command | Discovered new exit (range 90) 51183 | -1/Command | Extracted map data and part IDs from MAIN.C's data core 51210 | -1/Command | Spotted YB-AP9(B) 51219 | -1/Command | Spotted B-99 Colossus 51244 | -1/Command | Lost 7 allies 51283 | -1/Command | Found Spectral Analyzer 51286 | -1/Command | Found Vortex Chain Reactor 51289 | -1/Command | Found Zero-point Reactor 51574 | -1/Command | Build established: Mutant 51685 | -1/Command | Spotted B-99 Colossus 52210 | -1/Command | Build established: Tank 52479 | -1/Command | Attacked by Warlord forces 52676 | -1/Command | Found Adv. Kinecellerator 52694 | -1/Command | Found Adv. Kinecellerator 52893 | -1/Command | Build established: Sprinter 53017 | -1/Command | Found Corrupted Multirail 53320 | -1/Command | Build established: Pyromaniac-Sprinter 53338 | -1/Command | Found Quantum Capacitor 53432 | -1/Command | Found Multirail 53914 | -1/Command | Found Corrupted Active Sensor Suite 53993 | -1/Command | Found Exp. Targeting Computer 54015 | -1/Command | Build established: Scavenger-Sprinter 54070 | -1/Command | Found Multirail 54088 | -1/Command | Warped through subspace to slip node 54088 | -1/Command | Discovered new exit (range 5) 54094 | -1/Command | Entered Access_0 54097 | -1/Access_0 | Met Architect 54104 | -1/Access_0 | Architect warped through subspace 54106 | -1/Access_0 | Destroyed A8 54139 | -1/Access_0 | Architect warped through subspace 54166 | -1/Access_0 | Found Corrupted Prototype Device 54171 | -1/Access_0 | Architect warped through subspace 54181 | -1/Access_0 | Destroyed 8 combat bots 54184 | -1/Access_0 | Subspace Access Node disabled 54199 | -1/Access_0 | Architect warped through subspace 54229 | -1/Access_0 | Architect warped through subspace 54245 | -1/Access_0 | Subspace Access Node disabled 54253 | -1/Access_0 | Architect warped through subspace 54268 | -1/Access_0 | Architect warped through subspace 54288 | -1/Access_0 | Architect warped through subspace 54302 | -1/Access_0 | Architect warped through subspace 54313 | -1/Access_0 | Architect warped through subspace 54322 | -1/Access_0 | A6 warped into view 54368 | -1/Access_0 | Destroyed A6 54373 | -1/Access_0 | Identified Desublimator 54381 | -1/Access_0 | Architect warped through subspace 54403 | -1/Access_0 | Subspace Access Node disabled 54426 | -1/Access_0 | Architect warped through subspace 54426 | -1/Access_0 | Lost 5 parts (1p2n1u1w) 54444 | -1/Access_0 | Core integrity fell below 50% 54469 | -1/Access_0 | Architect warped through subspace 54505 | -1/Access_0 | Architect warped through subspace 54533 | -1/Access_0 | Found Exp. Targeting Computer 54536 | -1/Access_0 | Found Desublimator 54564 | -1/Access_0 | Core integrity fell below 20% 54611 | -1/Access_0 | Destroyed by Architect with Modified Sigix Sheargun Last Messages --------------- 54587_ Destroyed Hyp. Linear Accelerator. 54587_ HV Slug penetrates Enhanced Hunter. 54587_ HV Slug penetrates Wall. 54589_ Penetrated by Quantum Shear. 54589_ Cmb. Linear Gravjet+ destroyed. 54589_ Acquired 104 matter. 54591_ Exp. Targeting Computer destroyed. 54592_ Acquired Exp. Biometal Leg. 54594_ System corrupted: Energy discharge (-11). 54594_ Penetrated by Quantum Shear. 54595_ Acquired Exp. Biometal Leg. 54596_ Penetrated by Quantum Shear. 54596_ Cmb. Antigrav System+ destroyed. 54599_ Penetrated by Quantum Shear. 54600_ Acquired Quantum Reactor. 54602_ Acquired Hyp. Linear Accelerator. 54603_ Acquired 81 matter. 54604_ Penetrated by Quantum Shear. 54607_ Acquired Exp. Biometal Leg. 54609_ Penetrated by Quantum Shear. Map ----- +----------------------------------------------------+ | ?????????????????????????????????????????????????? | | ?????????????????????????????????????????????????? | | ?????????????????????????????????????????????????? | | ?????????????????????????????????????????????????? | | ???????????????????????? ????????????????????????? | | ???????????????????????? #???????????????????????? | | ???????????????????????? #???????????????????????? | | ??????????????????????? ###?????????????????????? | | ??????????????????????? #?????????????????????? | | ??????????????????????? ??????????????????????? | | ????????????????????### ???????????????????????? | | ???????#?###????????# ????????????????????????? | | ???????# # #?##?#### #????????????????????????? | | ??????## # ## ## ## #????????????????????????? | | ??????# # #;;;## #????????????????????????? | | ???????# ;; ;# ###??????????????????????? | | ??##???# ;; ;; ;; ##?????????????????????? | | ??# ### ;%% ;; ;; ##????????????????????? | | ###""% ;% ! % ; ##???????????????????? | | """"""";; !!% ; ####????????????????? | | %% ;;;; !!;;;;; # #????????????????? | | """""" ;;; % ! ; ????##???????????? | | "# % % %;;;;;;; ; #?? ### ??????? | | # ??#### % ;;%; ;;;## #?????? | | ?????????##;;;; ;%;;; #??????? | | ???????????# ; @ ##????????????? | | ???????????# % ! !! ;#????????????? | | ???????????###; ;; ; ]%% #####????????????? | | ?????????# ; ;;;; ;; ;;;;; ; #??????????????? | | ??????????## ;; ;;; #????????????? | | ???????????# % ; #### ##############?? | | ???????????##%!;;;;; ;; ###?###?## ##""""##? | | ???????????#=%%=###; ;; ####### "# "## | | ??????????? !%= ;; # #" " | | ??????????? ## %% "" " | | ?????????????# #;;% | | ?????????????# #;#% ; | | ?????????????# ## h ; """" " | | ??????????? ##; "" "" "#" | | ??????????? #?# ! " "" "" #### | | ???????????? ??##";;;; ! """"""####""#??? | | ???????????### ????## "# ! """" #??? | | ?????????????### ?????##" "" #????? | | ???????????????#????###?# " """""" #??? | | ?????????????##????# #### # #####" ??? | | ????????????## #### #?### " #????? ???? | | ???????? ??## ????# "# #??????? ?? | | ????????? ## ?????# ## ????????? #?### | | ?????????? #?????# ## ?????????????? | | ???????????? ??????# #? ##????????????? | +----------------------------------------------------+ Best States ------------- Heat Dissipation 180 Coolant Potential 120 Energy Generation 82 Energy Capacity 2700 Matter Stores 300 Matter Capacity 300 Sight Range 24 Robot Scan Range 20 Terrain Scan Range 24 Terrain Scan Density 2010 ECM Strength 3 Jamming Range 14 Cloak Strength 3 Power Amplification 30 Additional Mass Support 20 EM Shielding 4 Corruption Block 20 Armor Coverage 1600 Resistance: KI 30 Resistance: TH 30 Resistance: EX 15 Resistance: EM 90 Resistance: I 15 Resistance: S 15 Resistance: P 15 Power Shielding 66 Weapon Shielding 100 Weapon Cycling 25 Phase Shifting 15 Evasion (%) 78 Targeting Accuracy 32 Target Analysis 8 Core Analysis 8 Energy Filtering 50 Particle Charging 25 Kinecelleration 50 Salvage Targeting 5 Offensive Hacking 41 Defensive Hacking 12 Authchip Count 2 Trap Extractor Capacity 8 Item Schematics ----------------- Hcp. Storage Unit | -9/Materials | Hacked Huge Storage Unit | -9/Materials | Hacked System Restoration Module | -8/Materials | Scanalyzed Arm. Huge Wheel | -7/Factory | Hacked Cld. Gravmag System | -7/Factory | Scanalyzed Combat Drone Bay | -7/Data Miner | Free Lgt. Regenerative Plating | -7/Data Miner | Free Biomechanical Wings | -7/Data Miner | Free Gravity Neutralizer | -7/Data Miner | Free Imp. Heavy Machine Gun | -7/Data Miner | Free Nuclear Pulse Array | -7/Data Miner | Free Imp. Transmission Jammer | -7/Data Miner | Free Mass Driver | -7/Data Miner | Free Cld. Antigrav System | -4/Factory | Scanalyzed Enh. Nova Cannon | -3/Research | Scanalyzed Robot Schematics ------------------ M-13 Machinist | -9/Materials | Hacked R-10 Processor | -7/Data Miner | Free G-47 Trooper | -7/Data Miner | Free H-66 Slayer | -7/Data Miner | Free B-48 Gladiator | -7/Data Miner | Free Y-54 Guardian | -7/Data Miner | Free A-15 Conveyor | -7/Data Miner | Free Fabricated ------------ Imp. Corruption Screen | x2 | -7/Factory | Preloaded System Restoration Module | x2 | -7/Factory System Restoration Module | x2 | -7/Factory Cld. Antigrav System | x1 | -3/Research Enh. Nova Cannon | x2 | -3/Research | Preloaded Cld. Antigrav System | x1 | -3/Armory Cmb. Linear Gravjet | x2 | -2/Research | Preloaded Repaired ---------- Gravity Flail | 50% | -7/Factory Arm. Huge Wheel | 14% | -6/Factory | Broken Studied --------- Wheel | -9/Materials | Hacked Com. Wheel | -9/Materials | Hacked Arm. Wheel | -8/Materials | Hacked Minigun | -7/Factory | Hacked Mni. Grenade Launcher | -7/Factory | Hacked Gauss Rifle | -7/Factory | Hacked Arm. Huge Wheel | -7/Factory | Hacked Antigrav Array | -3/Research | Hacked Cmb. Antigrav System | -3/Research | Hacked Lgt. Antimatter Reactor | -3/Research | Hacked Cmb. Linear Gravjet | -1/Access | Hacked Com. HERF Cannon | -1/Access | Hacked Lgt. Quantum Reactor | -1/Access | Hacked Fusion Bomb Launcher | -1/Access | Hacked Alien Tech Used ----------------- Dimensional Node Initializer Core Regenerator Integrated Reactor Transdimensional Reconstructor Achievements -------------- None Challenges ------------ None Game ------ Seed ChipTeleporterGriptreads Manual? 0 Play Time 11:24:55 Cumulative 564.9 hours Start 2026.02.15 @ 21:29:16 End 2026.02.19 @ 00:28:25 Sessions 7 Manual Loads 0 Difficulty Rogue Special Mode None Game No. 190 Rogue 190 Adventurer 0 Explorer 0 Win Type - Total 18 Types 8/0/5/1/0/0/0/1/1/2 Lore% 91 Gallery% 84 Achievement% 75 Wizard Run 0 Options --------- Layout 1 ASCII 0 Keyboard 0 Movement Mouse Keybinds 0 Fullscreen 2 Font 32/SmallcapsGlow Map View 50x35 Zoom Use 0% Tactical HUD 1 Map Filters NONE Filters NONE Steam 1 RUN: d8d50194-0664-42a8-9fe8-76ee69c7e520